Workbook

Sheet INDICADORES
D3: FUNCIONAMIENTO
D12: PRESUPUESTO 2017
D15: APROPIADO | E15: COMPROMETIDO | F15: OBLIGADO
C16: SERVICIOS PERSONALES | D16: =+'ENERO- JUNIO'!G11 -> 16468482803 | E16: =+'ENERO- JUNIO'!K11 -> 8399791485 | F16: =+'ENERO- JUNIO'!L11 -> 7592850067
C17: GASTOS GENERALES | D17: =+'ENERO- JUNIO'!G14 -> 2039285840 | E17: =+'ENERO- JUNIO'!K14 -> 1.5718104e+09 | F17: =+'ENERO- JUNIO'!L14 -> 8.5135265e+08
C18: TRANSFERENCIAS | D18: =+'ENERO- JUNIO'!G20 -> 37180955030 | E18: =+'ENERO- JUNIO'!K20 -> 3.8719686e+09 | F18: =+'ENERO- JUNIO'!L20 -> 3.7081344e+09
D25: APROPIADO | E25: COMPROMETIDO | F25: OBLIGADO
C26: INVERSIÓN | D26: =+'ENERO- JUNIO'!G52 -> 358661507321 | E26: =+'ENERO- JUNIO'!K52 -> 2.9330639e+11 | F26: =+'ENERO- JUNIO'!L52 -> 9.0254359e+10
C44: COMPROMISOS FUNCIONAMIENTO
H45: en millones de $
D49: ENERO | E49: FEBRERO | F49: MARZO | G49: ABRIL | H49: MAYO | I49: JUNIO
C50: SERVICIOS PERSONALES | D50: =+ENERO!L38/1000000 -> 1440.5688 | E50: =+FEBRERO!L38/1000000 -> 1710.5753 | F50: =+MARZO!L38/1000000 -> 1175.5836 | G50: =+ABRIL!L38/1000000 -> 1069.1677 | H50: =+MAYO!K38/1000000 -> 1184.9431 | I50: =+JUNIO!K38/1000000 -> 1818.953
C51: GASTOS GENERALES | D51: =+ENERO!L72/1000000 -> 1337.1572 | E51: =+FEBRERO!L72/1000000 -> 36.547176 | F51: =+MARZO!L72/1000000 -> 23.633316 | G51: =+ABRIL!L72/1000000 -> 90.98468 | H51: =+MAYO!K72/1000000 -> 45.841485 | I51: =+JUNIO!K72/1000000 -> 37.646578
C52: TRANSFERENCIAS | D52: =+ENERO!L78/1000000 -> 369.22855 | E52: =+FEBRERO!L78/1000000 -> 981.10776 | F52: =+MARZO!L78/1000000 -> 597.79318 | G52: =+ABRIL!L78/1000000 -> 647.79667 | H52: =+MAYO!K78/1000000 -> 648.51381 | I52: =+JUNIO!K78/1000000 -> 627.52865
I55: EN MILLONES $
D60: ENERO | E60: FEBRERO | F60: MARZO | G60: ABRIL | H60: MAYO | I60: JUNIO
C61: INVERSIÓN | D61: =+ENERO!L110/1000000 -> 127612.82 | E61: =+FEBRERO!L110/1000000 -> 35130.521 | F61: =+MARZO!L110/1000000 -> 54485.197 | G61: =+ABRIL!L110/1000000 -> 26107.897 | H61: =+MAYO!K110/1000000 -> 41618.054 | I61: =+JUNIO!K110/1000000 -> 10836.028

Sheet ENERO- JUNIO
B1: 2017
B2: Actual
B3: Enero-Junio
B4: RUBRO | C4: DESCRIPCION | D4: APR. INICIAL | E4: APR. ADICIONADA | F4: APR. REDUCIDA | G4: APR. VIGENTE | H4: APR BLOQUEADA | I4: CDP | J4: APR. DISPONIBLE | K4: COMPROMISO | L4: OBLIGACION | M4: ORDEN PAGO | N4: PAGOS
B5: A-1-0-1-1 | C5: SUELDOS DE PERSONAL DE NOMINA | D5: 8035344003 | E5: 0 | F5: 0 | G5: 8035344003 | H5: 0 | I5: 4014927156 | J5: 4020416847 | K5: 4014927156 | L5: 4010779785 | M5: 4010779785 | N5: 4010779785
B6: A-1-0-1-4 | C6: PRIMA TECNICA | D6: 579575586 | E6: 0 | F6: 0 | G6: 579575586 | H6: 0 | I6: 241315049 | J6: 338260537 | K6: 230766939 | L6: 230766939 | M6: 230766939 | N6: 230766939
B7: A-1-0-1-5 | C7: OTROS | D7: 3049915373 | E7: 0 | F7: 0 | G7: 3049915373 | H7: 0 | I7: 1100632758 | J7: 1949282615 | K7: 1100632758 | L7: 1100632758 | M7: 1100632758 | N7: 1100632758
B8: A-1-0-1-9 | C8: HORAS EXTRAS, DIAS FESTIVOS E INDEMNIZACION POR VACACIONES | D8: 176005092 | E8: 0 | F8: 0 | G8: 176005092 | H8: 0 | I8: 62979550 | J8: 113025542 | K8: 62979550 | L8: 62979550 | M8: 62979550 | N8: 62979550
B9: A-1-0-2 | C9: SERVICIOS PERSONALES INDIRECTOS | D9: 1271235855 | E9: 0 | F9: 0 | G9: 1271235855 | H9: 0 | I9: 1244328112 | J9: 26907743 | K9: 1244328112 | L9: 441534065 | M9: 441534065 | N9: 441534065
B10: A-1-0-5 | C10: CONTRIBUCIONES INHERENTES A LA NOMINA SECTOR PRIVADO Y PUBLICO | D10: 3356406894 | E10: 0 | F10: 0 | G10: 3356406894 | H10: 0 | I10: 1746156970 | J10: 1610249924 | K10: 1746156970 | L10: 1746156970 | M10: 1746156970 | N10: 1656730506
C11: =SUM(C5:C10) -> 0 | D11: =SUM(D5:D10) -> 16468482803 | E11: =SUM(E5:E10) -> 0 | F11: =SUM(F5:F10) -> 0 | G11: =SUM(G5:G10) -> 16468482803 | H11: =SUM(H5:H10) -> 0 | I11: =SUM(I5:I10) -> 8410339595 | J11: =SUM(J5:J10) -> 8058143208 | ... N11: =SUM(N5:N10) -> 7503423603
B12: A-2-0-3 | C12: IMPUESTOS Y MULTAS | D12: 50000000 | E12: 0 | F12: 0 | G12: 50000000 | H12: 0 | I12: 4591372.7 | J12: 45408627 | K12: 4591372.7 | L12: 4591372.7 | M12: 4591372.7 | N12: 4591372.7
B13: A-2-0-4 | C13: ADQUISICION DE BIENES Y SERVICIOS | D13: 1989285840 | E13: 0 | F13: 0 | G13: 1989285840 | H13: 0 | I13: 1.607673e+09 | J13: 3.8161287e+08 | K13: 1.567219e+09 | L13: 8.4676128e+08 | M13: 8.1980619e+08 | N13: 7.7380457e+08
D14: =SUM(D12:D13) -> 2039285840 | E14: =SUM(E12:E13) -> 0 | F14: =SUM(F12:F13) -> 0 | G14: =SUM(G12:G13) -> 2039285840 | H14: =SUM(H12:H13) -> 0 | I14: =SUM(I12:I13) -> 1.6122643e+09 | J14: =SUM(J12:J13) -> 4.270215e+08 | K14: =SUM(K12:K13) -> 1.5718104e+09 | ... N14: =SUM(N12:N13) -> 7.7839595e+08
B15: A-3-2-1-1 | C15: CUOTA DE AUDITAJE CONTRANAL | D15: 543261715 | E15: 0 | F15: 0 | G15: 543261715 | H15: 0 | I15: 715993.24 | J15: 5.4254572e+08 | K15: 715993.24 | L15: 715993.24 | M15: 715993.24 | N15: 715993.24
B16: A-3-2-1-16 | C16: ESCUELA NACIONAL DEL DEPORTE - ART. 51 DECRETO 2845 DE 1984 | D16: 7343266662 | E16: 0 | F16: 0 | G16: 7343266662 | H16: 0 | I16: 3.5405451e+09 | J16: 3.8027216e+09 | K16: 3.5405451e+09 | L16: 3.5405451e+09 | M16: 3.5405451e+09 | N16: 3.5405451e+09
B17: A-3-2-10-2 | C17: RECURSOS IMPUESTO NACIONAL AL CONSUMO TELEFONIA MOVIL - ARTICULO 72 LEY 1607 DE 2012 | D17: 27194426653 | E17: 0 | F17: 0 | G17: 27194426653 | H17: 0 | I17: 0 | J17: 27194426653 | K17: 0 | L17: 0 | M17: 0 | N17: 0
B18: A-3-5-1-1 | C18: MESADAS PENSIONALES | D18: 2000000000 | E18: 0 | F18: 0 | G18: 2000000000 | H18: 0 | I18: 3.7020751e+08 | J18: 1.6297925e+09 | K18: 3.3070751e+08 | L18: 166873258 | M18: 166873258 | N18: 166873258
B19: A-3-6-1-1 | C19: SENTENCIAS Y CONCILIACIONES | D19: 100000000 | E19: 0 | F19: 0 | G19: 100000000 | H19: 0 | I19: 389561 | J19: 99610439 | K19: 0 | L19: 0 | M19: 0 | N19: 0
D20: =SUM(D15:D19) -> 37180955030 | E20: =SUM(E15:E19) -> 0 | F20: =SUM(F15:F19) -> 0 | G20: =SUM(G15:G19) -> 37180955030 | H20: =SUM(H15:H19) -> 0 | I20: =SUM(I15:I19) -> 3.9118582e+09 | J20: =SUM(J15:J19) -> 3.3269097e+10 | K20: =SUM(K15:K19) -> 3.8719686e+09 | ... N20: =SUM(N15:N19) -> 3.7081344e+09
B21: C-4301-1604-1 | C21: APOYO A LA UNIVERSALIZACION DE LA PRACTICA REGULAR DE LA ACTIVIDAD FISICA Y DE HABITOS Y ESTILOS DE VIDA SALUDABLE EN COLOMBIA | D21: 7000000000 | E21: 0 | F21: 0 | G21: 7000000000 | H21: 0 | I21: 6841790627 | J21: 158209373 | K21: 6769790627 | L21: 4148425938 | M21: 4142056995 | N21: 4142056995
B22: C-4301-1604-2 | C22: APOYO A LA INVESTIGACIÓN Y GESTIÓN DEL DEPORTE, LA RECREACIÓN, LA ACTIVIDAD FÍSICA Y APROVECHAMIENTO DEL TIEMPO LIBRE EN COLOMBIA | D22: 300000000 | E22: 0 | F22: 0 | G22: 300000000 | H22: 0 | I22: 242207963 | J22: 57792037 | K22: 172544002 | L22: 24182714 | M22: 20066047 | N22: 20066047
B23: C-4301-1604-3 | C23: APOYO AL DESARROLLO DEL PROGRAMA DE CONVIVENCIA Y PAZ EN COLOMBIA | D23: 2000000000 | E23: 0 | F23: 0 | G23: 2000000000 | H23: 0 | I23: 1976329761 | J23: 23670239 | K23: 1951329761 | L23: 8483974 | M23: 6147858 | N23: 6147858
B24: C-4301-1604-4 | C24: APOYO Y FOMENTO PARA EL DESARROLLO DEL DEPORTE SOCIAL COMUNITARIO EN COLOMBIA | D24: 4000000000 | E24: 0 | F24: 0 | G24: 4000000000 | H24: 0 | I24: 3996069700 | J24: 3930300 | K24: 3359739580 | L24: 1159941879 | M24: 1156405944 | N24: 1151905944
B25: C-4301-1604-5 | C25: APOYO Y FOMENTO PARA EL DESARROLLO DE LA RECREACIÓN EN COLOMBIA | D25: 8000000000 | E25: 0 | F25: 0 | G25: 8000000000 | H25: 0 | I25: 7860937563 | J25: 139062437 | K25: 6751700135 | L25: 3067812958 | M25: 2010181659 | N25: 2010181659
B26: C-4301-1604-6 | C26: APOYO Y FOMENTO AL DESARROLLO DE LA EDUCACIÓN FÍSICA EXTRAESCOLAR Y EL DEPORTE FORMATIVO DE LA INFANCIA, ADOLESCENCIA Y JUVENTUD EN COLOMBIA | D26: 49000000000 | E26: 0 | F26: 0 | G26: 49000000000 | H26: 0 | I26: 4.6333947e+10 | J26: 2.6660532e+09 | K26: 4.3017599e+10 | L26: 2.9088604e+10 | M26: 2.078002e+10 | N26: 2.0526548e+10
B27: C-4301-1604-7 | C27: APOYO AL PROGRAMA QUE ORIENTEN UN DESARROLLO NEUROMOTRIZ, FORMACIÓN TÉCNICA Y FÍSICA EN LA EDUCACIÓN FÍSICA EXTRAESCOLAR NACIONAL | D27: 3000000000 | E27: 0 | F27: 0 | G27: 3000000000 | H27: 0 | I27: 2980236616 | J27: 19763384 | K27: 2953236616 | L27: 986590539 | M27: 985538968 | N27: 985538968
B28: C-4302-1604-1 | C28: APOYO AL DESARROLLO DEL SISTEMA PARALIMPICO PARA EL POSICIONAMIENTO Y LIDERAZGO DEPORTIVO EN COLOMBIA | D28: 7900000000 | E28: 0 | F28: 0 | G28: 7900000000 | H28: 0 | I28: 7743011764 | J28: 156988236 | K28: 6343317935 | L28: 4223401821 | M28: 4170193598 | N28: 4170193598
B29: C-4302-1604-2 | C29: APOYO PARA EL DESARROLLO DEL DEPORTE DEL SISTEMA OLIMPICO Y CONVENCIONAL PARA EL POSICIONAMIENTO Y LIDERAZGO DEPORTIVO EN COLOMBIA | D29: 36500000000 | E29: 0 | F29: 0 | G29: 36500000000 | H29: 0 | I29: 36257687858 | J29: 242312142 | K29: 22930068995 | L29: 1.2951399e+10 | M29: 1.2349541e+10 | N29: 1.2343171e+10
B30: C-4302-1604-2 | C30: APOYO PARA EL DESARROLLO DEL DEPORTE DEL SISTEMA OLIMPICO Y CONVENCIONAL PARA EL POSICIONAMIENTO Y LIDERAZGO DEPORTIVO EN COLOMBIA | D30: 36500000000 | E30: 0 | F30: 0 | G30: 36500000000 | H30: 0 | I30: 32244496305 | J30: 4255503695 | K30: 29624712905 | L30: 13047689847 | M30: 11375701765 | N30: 11372137599
B31: C-4302-1604-3 | C31: APOYO A LA ORGANIZACIÓN Y REALIZACION DE LOS JUEGOS DEPORTIVOS NACIONALES Y PARANACIONALES EN COLOMBIA | D31: 100000000 | E31: 0 | F31: 0 | G31: 100000000 | H31: 0 | I31: 72106928 | J31: 27893072 | K31: 10306928 | L31: 8754832 | M31: 8298361 | N31: 8298361
B32: C-4302-1604-4 | C32: APOYO A LA ORGANIZACIÓN, PARTICIPACIÓN Y REALIZACIÓN DE EVENTOS INTERNACIONALES EN COLOMBIA | D32: 6000000000 | E32: 0 | F32: 0 | G32: 6000000000 | H32: 0 | I32: 5635931428 | J32: 364068572 | K32: 5125931428 | L32: 643357309 | M32: 595977544 | N32: 595977544
... B51: C-4399-1604-6 | C51: ASISTENCIA Y MEJORAMIENTO AL PROCESO DE PLANEACIÓN INSTITUCIONAL DEL SISTEMA NACIONAL DEL DEPORTE EN COLOMBIA | D51: 260000000 | E51: 0 | F51: 0 | G51: 260000000 | H51: 0 | I51: 181989224 | J51: 78010776 | K51: 158489224 | L51: 74410283 | M51: 61933450 | N51: 61933450
D52: =SUM(D21:D51) -> 343170094127 | E52: =SUM(E21:E51) -> 15491413194 | F52: =SUM(F21:F51) -> 0 | G52: =SUM(G21:G51) -> 358661507321 | H52: =SUM(H21:H51) -> 0 | I52: =SUM(I21:I51) -> 3.2605416e+11 | J52: =SUM(J21:J51) -> 3.2607344e+10 | K52: =SUM(K21:K51) -> 2.9330639e+11 | ... N52: =SUM(N21:N51) -> 7.759053e+10
D54: =+D52+D20+D14+D11 -> 398858817800 | E54: =+E52+E20+E14+E11 -> 15491413194 | F54: =+F52+F20+F14+F11 -> 0 | G54: =+G52+G20+G14+G11 -> 414350230994 | H54: =+H52+H20+H14+H11 -> 0 | I54: =+I52+I20+I14+I11 -> 3.3998863e+11 | J54: =+J52+J20+J14+J11 -> 7.4361605e+10 | K54: =+K52+K20+K14+K11 -> 3.0714996e+11 | ... N54: =+N52+N20+N14+N11 -> 8.9580484e+10

Sheet ENERO
B1: 2017
B2: Actual
B3: Enero-Enero
B4: RUBRO | C4: REC | D4: DESCRIPCION | E4: APR. INICIAL | F4: APR. ADICIONADA | G4: APR. REDUCIDA | H4: APR. VIGENTE | I4: APR BLOQUEADA | J4: CDP | K4: APR. DISPONIBLE | L4: COMPROMISO | M4: OBLIGACION | N4: PAGOS
B5: A-1-0-1-1-1 | C5: 10 | D5: SUELDOS | E5: 7472060003 | F5: 0 | G5: 0 | H5: 7472060003 | I5: 0 | J5: 546547037 | K5: 6925512966 | L5: 546547037 | M5: 546547037 | N5: 546547037
B6: A-1-0-1-1-2 | C6: 10 | D6: SUELDOS DE VACACIONES | E6: 470284000 | F6: 0 | G6: 0 | H6: 470284000 | I6: 0 | J6: 10486709 | K6: 459797291 | L6: 10486709 | M6: 10486709 | N6: 10486709
B7: A-1-0-1-1-4 | C7: 10 | D7: INCAPACIDADES Y LICENCIA DE MATERNIDAD | E7: 93000000 | F7: 0 | G7: 0 | H7: 93000000 | I7: 0 | J7: 4144079 | K7: 88855921 | L7: 4144079 | M7: 4144079 | N7: 4144079
B8: A-1-0-1-4-1 | C8: 10 | D8: PRIMA TECNICA SALARIAL | E8: 88000000 | F8: 0 | G8: 0 | H8: 88000000 | I8: 0 | J8: 1488847 | K8: 86511153 | L8: 1488847 | M8: 1488847 | N8: 1488847
B9: A-1-0-1-4-2 | C9: 10 | D9: PRIMA TECNICA NO SALARIAL | E9: 491575586 | F9: 0 | G9: 0 | H9: 491575586 | I9: 0 | J9: 34009448 | K9: 457566138 | L9: 34009448 | M9: 34009448 | N9: 34009448
B10: A-1-0-1-5-1 | C10: 10 | D10: GASTOS DE REPRESENTACION | E10: 147000000 | F10: 0 | G10: 0 | H10: 147000000 | I10: 0 | J10: 13116313 | K10: 133883687 | L10: 13116313 | M10: 13116313 | N10: 13116313
B11: A-1-0-1-5-2 | C11: 10 | D11: BONIFICACION POR SERVICIOS PRESTADOS | E11: 331744293 | F11: 0 | G11: 0 | H11: 331744293 | I11: 0 | J11: 21653792 | K11: 310090501 | L11: 21653792 | M11: 21653792 | N11: 21653792
B12: A-1-0-1-5-5 | C12: 10 | D12: BONIFICACION ESPECIAL DE RECREACION | E12: 44207000 | F12: 0 | G12: 0 | H12: 44207000 | I12: 0 | J12: 1128600 | K12: 43078400 | L12: 1128600 | M12: 1128600 | N12: 1128600
B13: A-1-0-1-5-12 | C13: 10 | D13: SUBSIDIO DE ALIMENTACION | E13: 5166460 | F13: 0 | G13: 0 | H13: 5166460 | I13: 0 | J13: 243139 | K13: 4923321 | L13: 243139 | M13: 243139 | N13: 243139
B14: A-1-0-1-5-13 | C14: 10 | D14: AUXILIO DE TRANSPORTE | E14: 1430000 | F14: 0 | G14: 0 | H14: 1430000 | I14: 0 | J14: 83140 | K14: 1346860 | L14: 83140 | M14: 83140 | N14: 83140
B15: A-1-0-1-5-14 | C15: 10 | D15: PRIMA DE SERVICIO | E15: 688020000 | F15: 0 | G15: 0 | H15: 688020000 | I15: 0 | J15: 0 | K15: 688020000 | L15: 0 | M15: 0 | N15: 0
B16: A-1-0-1-5-15 | C16: 10 | D16: PRIMA DE VACACIONES | E16: 394014000 | F16: 0 | G16: 0 | H16: 394014000 | I16: 0 | J16: 9333348 | K16: 384680652 | L16: 9333348 | M16: 9333348 | N16: 9333348
... B37: A-1-0-5-9 | C37: 10 | D37: APORTES A ESCUELAS INDUSTRIALES E INSTITUTOS TECNICOS | E37: 89080354 | F37: 0 | G37: 0 | H37: 89080354 | I37: 0 | J37: 6162800 | K37: 82917554 | L37: 6162800 | M37: 6162800 | N37: 6162800
E38: =SUM(E5:E37) -> 16453482803 | F38: =SUM(F5:F37) -> 70000000 | G38: =SUM(G5:G37) -> 70000000 | H38: =SUM(H5:H37) -> 16453482803 | I38: =SUM(I5:I37) -> 0 | J38: =SUM(J5:J37) -> 2076141832 | K38: =SUM(K5:K37) -> 14377340971 | L38: =SUM(L5:L37) -> 1440568832 | ... P38: =SUM(P5:P37) -> 0
B39: A-2-0-3-50-2 | C39: 10 | D39: IMPUESTO DE VEHICULO | E39: 5000000 | F39: 0 | G39: 0 | H39: 5000000 | I39: 0 | J39: 0 | K39: 5000000 | L39: 0 | M39: 0 | N39: 0
B40: A-2-0-3-50-90 | C40: 10 | D40: OTROS IMPUESTOS | E40: 45000000 | F40: 0 | G40: 0 | H40: 45000000 | I40: 0 | J40: 0 | K40: 45000000 | L40: 0 | M40: 0 | N40: 0
B41: A-2-0-4-1-25 | C41: 10 | D41: OTRAS COMPRAS DE EQUIPOS | E41: 15000000 | F41: 0 | G41: 15000000 | H41: 0 | I41: 0 | J41: 0 | K41: 0 | L41: 0 | M41: 0 | N41: 0
B42: A-2-0-4-4-1 | C42: 10 | D42: COMBUSTIBLE Y LUBRICANTES | E42: 10000000 | F42: 0 | G42: 0 | H42: 10000000 | I42: 0 | J42: 0 | K42: 10000000 | L42: 0 | M42: 0 | N42: 0
B43: A-2-0-4-4-2 | C43: 10 | D43: DOTACION | E43: 1500000 | F43: 0 | G43: 1500000 | H43: 0 | I43: 0 | J43: 0 | K43: 0 | L43: 0 | M43: 0 | N43: 0
B44: A-2-0-4-4-6 | C44: 10 | D44: LLANTAS Y ACCESORIOS | E44: 5000000 | F44: 0 | G44: 5000000 | H44: 0 | I44: 0 | J44: 0 | K44: 0 | L44: 0 | M44: 0 | N44: 0
B45: A-2-0-4-4-15 | C45: 10 | D45: PAPELERIA, UTILES DE ESCRITORIO Y OFICINA | E45: 10000000 | F45: 0 | G45: 9000000 | H45: 1000000 | I45: 0 | J45: 1000000 | K45: 0 | L45: 0 | M45: 0 | N45: 0
B46: A-2-0-4-4-23 | C46: 10 | D46: OTROS MATERIALES Y SUMINISTROS | E46: 20000000 | F46: 2000000 | G46: 16000000 | H46: 6000000 | I46: 0 | J46: 5000000 | K46: 1000000 | L46: 0 | M46: 0 | N46: 0
B47: A-2-0-4-5-1 | C47: 10 | D47: MANTENIMIENTO DE BIENES INMUEBLES | E47: 9747600 | F47: 0 | G47: 7747600 | H47: 2000000 | I47: 0 | J47: 2000000 | K47: 0 | L47: 0 | M47: 0 | N47: 0
B48: A-2-0-4-5-2 | C48: 10 | D48: MANTENIMIENTO DE BIENES MUEBLES, EQUIPOS Y ENSERES | E48: 16100000 | F48: 0 | G48: 13100000 | H48: 3000000 | I48: 0 | J48: 2500000 | K48: 500000 | L48: 0 | M48: 0 | N48: 0
B49: A-2-0-4-5-8 | C49: 10 | D49: SERVICIO DE ASEO | E49: 185560000 | F49: 0 | G49: 0 | H49: 185560000 | I49: 0 | J49: 185000000 | K49: 560000 | L49: 185000000 | M49: 0 | N49: 0
B50: A-2-0-4-5-9 | C50: 10 | D50: SERVICIO DE CAFETERIA Y RESTAURANTE | E50: 66776295 | F50: 16223705 | G50: 0 | H50: 83000000 | I50: 0 | J50: 53000000 | K50: 30000000 | L50: 50000000 | M50: 0 | N50: 0
... B71: A-2-0-4-21-11 | C71: 10 | D71: OTROS SERVICIOS PARA CAPACITACION, BIENESTAR SOCIAL Y ESTIMULOS | E71: 1400440 | F71: 0 | G71: 0 | H71: 1400440 | I71: 0 | J71: 0 | K71: 1400440 | L71: 0 | M71: 0 | N71: 0
E72: =SUM(E39:E71) -> 2039285840 | F72: =SUM(F39:F71) -> 122936968 | G72: =SUM(G39:G71) -> 122936968 | H72: =SUM(H39:H71) -> 2039285840 | I72: =SUM(I39:I71) -> 0 | J72: =SUM(J39:J71) -> 1.4090442e+09 | K72: =SUM(K39:K71) -> 6.302416e+08 | L72: =SUM(L39:L71) -> 1.3371572e+09 | ... P72: =SUM(P39:P71) -> 0
B73: A-3-2-1-1 | C73: 11 | D73: CUOTA DE AUDITAJE CONTRANAL | E73: 543261715 | F73: 0 | G73: 0 | H73: 543261715 | I73: 0 | J73: 0 | K73: 543261715 | L73: 0 | M73: 0 | N73: 0
B74: A-3-2-1-16 | C74: 10 | D74: ESCUELA NACIONAL DEL DEPORTE - ART. 51 DECRETO 2845 DE 1984 | E74: 7343266662 | F74: 0 | G74: 0 | H74: 7343266662 | I74: 0 | J74: 41551186 | K74: 7.3017155e+09 | L74: 41551186 | M74: 41551186 | N74: 41551186
B75: A-3-2-10-2 | C75: 10 | D75: RECURSOS IMPUESTO NACIONAL AL CONSUMO TELEFONIA MOVIL - ARTICULO 72 LEY 1607 DE 2012 | E75: 27194426653 | F75: 0 | G75: 0 | H75: 27194426653 | I75: 0 | J75: 0 | K75: 27194426653 | L75: 0 | M75: 0 | N75: 0
B76: A-3-5-1-1 | C76: 10 | D76: MESADAS PENSIONALES | E76: 2000000000 | F76: 0 | G76: 0 | H76: 2000000000 | I76: 0 | J76: 331291776 | K76: 1668708224 | L76: 3.2767736e+08 | M76: 2202984 | N76: 2202984
B77: A-3-6-1-1 | C77: 10 | D77: SENTENCIAS Y CONCILIACIONES | E77: 100000000 | F77: 0 | G77: 0 | H77: 100000000 | I77: 0 | J77: 0 | K77: 100000000 | L77: 0 | M77: 0 | N77: 0
E78: =SUM(E73:E77) -> 37180955030 | F78: =SUM(F73:F77) -> 0 | G78: =SUM(G73:G77) -> 0 | H78: =SUM(H73:H77) -> 37180955030 | I78: =SUM(I73:I77) -> 0 | J78: =SUM(J73:J77) -> 3.7284296e+08 | K78: =SUM(K73:K77) -> 3.6808112e+10 | L78: =SUM(L73:L77) -> 3.6922855e+08 | ... P78: =SUM(P73:P77) -> 0
B79: C-4301-1604-1 | C79: 10 | D79: APOYO A LA UNIVERSALIZACION DE LA PRACTICA REGULAR DE LA ACTIVIDAD FISICA Y DE HABITOS Y ESTILOS DE VIDA SALUDABLE EN COLOMBIA | E79: 7000000000 | F79: 0 | G79: 0 | H79: 7000000000 | I79: 0 | J79: 5407085671 | K79: 1592914329 | L79: 102105671 | M79: 1720689 | N79: 1720689
B80: C-4301-1604-2 | C80: 10 | D80: APOYO A LA INVESTIGACIÓN Y GESTIÓN DEL DEPORTE, LA RECREACIÓN, LA ACTIVIDAD FÍSICA Y APROVECHAMIENTO DEL TIEMPO LIBRE EN COLOMBIA | E80: 300000000 | F80: 0 | G80: 0 | H80: 300000000 | I80: 0 | J80: 0 | K80: 300000000 | L80: 0 | M80: 0 | N80: 0
B81: C-4301-1604-3 | C81: 10 | D81: APOYO AL DESARROLLO DEL PROGRAMA DE CONVIVENCIA Y PAZ EN COLOMBIA | E81: 2000000000 | F81: 0 | G81: 0 | H81: 2000000000 | I81: 0 | J81: 1940000000 | K81: 60000000 | L81: 0 | M81: 0 | N81: 0
B82: C-4301-1604-4 | C82: 10 | D82: APOYO Y FOMENTO PARA EL DESARROLLO DEL DEPORTE SOCIAL COMUNITARIO EN COLOMBIA | E82: 4000000000 | F82: 0 | G82: 0 | H82: 4000000000 | I82: 0 | J82: 587127781 | K82: 3412872219 | L82: 171877781 | M82: 724828 | N82: 724828
B83: C-4301-1604-5 | C83: 10 | D83: APOYO Y FOMENTO PARA EL DESARROLLO DE LA RECREACIÓN EN COLOMBIA | E83: 8000000000 | F83: 0 | G83: 0 | H83: 8000000000 | I83: 0 | J83: 427542109 | K83: 7572457891 | L83: 109342109 | M83: 3224049 | N83: 3224049
B84: C-4301-1604-6 | C84: 10 | D84: APOYO Y FOMENTO AL DESARROLLO DE LA EDUCACIÓN FÍSICA EXTRAESCOLAR Y EL DEPORTE FORMATIVO DE LA INFANCIA, ADOLESCENCIA Y JUVENTUD EN COLOMBIA | E84: 49000000000 | F84: 0 | G84: 0 | H84: 49000000000 | I84: 0 | J84: 10447083663 | K84: 38552916337 | L84: 2100808 | M84: 932640 | N84: 932640
B85: C-4301-1604-7 | C85: 10 | D85: APOYO AL PROGRAMA QUE ORIENTEN UN DESARROLLO NEUROMOTRIZ, FORMACIÓN TÉCNICA Y FÍSICA EN LA EDUCACIÓN FÍSICA EXTRAESCOLAR NACIONAL | E85: 3000000000 | F85: 0 | G85: 0 | H85: 3000000000 | I85: 0 | J85: 2940000000 | K85: 60000000 | L85: 0 | M85: 0 | N85: 0
B86: C-4302-1604-1 | C86: 10 | D86: APOYO AL DESARROLLO DEL SISTEMA PARALIMPICO PARA EL POSICIONAMIENTO Y LIDERAZGO DEPORTIVO EN COLOMBIA | E86: 7900000000 | F86: 0 | G86: 0 | H86: 7900000000 | I86: 0 | J86: 2087850000 | K86: 5812150000 | L86: 0 | M86: 0 | N86: 0
B87: C-4302-1604-2 | C87: 10 | D87: APOYO PARA EL DESARROLLO DEL DEPORTE DEL SISTEMA OLIMPICO Y CONVENCIONAL PARA EL POSICIONAMIENTO Y LIDERAZGO DEPORTIVO EN COLOMBIA | E87: 36500000000 | F87: 0 | G87: 0 | H87: 36500000000 | I87: 0 | J87: 22860903075 | K87: 13639096925 | L87: 1160787954 | M87: 0 | N87: 0
B88: C-4302-1604-2 | C88: 13 | D88: APOYO PARA EL DESARROLLO DEL DEPORTE DEL SISTEMA OLIMPICO Y CONVENCIONAL PARA EL POSICIONAMIENTO Y LIDERAZGO DEPORTIVO EN COLOMBIA | E88: 36500000000 | F88: 0 | G88: 0 | H88: 36500000000 | I88: 0 | J88: 117031471 | K88: 36382968529 | L88: 431471 | M88: 0 | N88: 0
B89: C-4302-1604-3 | C89: 10 | D89: APOYO A LA ORGANIZACIÓN Y REALIZACION DE LOS JUEGOS DEPORTIVOS NACIONALES Y PARANACIONALES EN COLOMBIA | E89: 100000000 | F89: 0 | G89: 0 | H89: 100000000 | I89: 0 | J89: 1361921 | K89: 98638079 | L89: 1361921 | M89: 0 | N89: 0
B90: C-4302-1604-4 | C90: 10 | D90: APOYO A LA ORGANIZACIÓN, PARTICIPACIÓN Y REALIZACIÓN DE EVENTOS INTERNACIONALES EN COLOMBIA | E90: 6000000000 | F90: 0 | G90: 0 | H90: 6000000000 | I90: 0 | J90: 396688974 | K90: 5603311026 | L90: 628989 | M90: 364304 | N90: 364304
... B109: C-4399-1604-6 | C109: 10 | D109: ASISTENCIA Y MEJORAMIENTO AL PROCESO DE PLANEACIÓN INSTITUCIONAL DEL SISTEMA NACIONAL DEL DEPORTE EN COLOMBIA | E109: 260000000 | F109: 0 | G109: 0 | H109: 260000000 | I109: 0 | J109: 185793696 | K109: 74206304 | L109: 1293696 | M109: 1293696 | N109: 1293696
E110: =SUM(E79:E109) -> 343170094127 | F110: =SUM(F79:F109) -> 0 | G110: =SUM(G79:G109) -> 0 | H110: =SUM(H79:H109) -> 343170094127 | I110: =SUM(I79:I109) -> 0 | J110: =SUM(J79:J109) -> 1.8457955e+11 | K110: =SUM(K79:K109) -> 1.5859055e+11 | L110: =SUM(L79:L109) -> 1.2761282e+11 | ... P110: =SUM(P79:P109) -> 0

Sheet FEBRERO
B1: 2017
B2: Actual
B3: Febrero
B4: RUBRO | C4: REC | D4: DESCRIPCION | E4: APR. INICIAL | F4: APR. ADICIONADA | G4: APR. REDUCIDA | H4: APR. VIGENTE | I4: APR BLOQUEADA | J4: CDP | K4: APR. DISPONIBLE | L4: COMPROMISO | M4: OBLIGACION | N4: PAGOS
B5: A-1-0-1-1-1 | C5: 10 | D5: SUELDOS | E5: 7472060003 | F5: 0 | G5: 0 | H5: 7472060003 | I5: 0 | J5: 637690634 | K5: 6834369369 | L5: 637690634 | M5: 637690634 | N5: 637690634
B6: A-1-0-1-1-2 | C6: 10 | D6: SUELDOS DE VACACIONES | E6: 470284000 | F6: 0 | G6: 0 | H6: 470284000 | I6: 0 | J6: 7384648 | K6: 462899352 | L6: 7384648 | M6: 7384648 | N6: 7384648
B7: A-1-0-1-1-4 | C7: 10 | D7: INCAPACIDADES Y LICENCIA DE MATERNIDAD | E7: 93000000 | F7: 0 | G7: 0 | H7: 93000000 | I7: 0 | J7: 4176453 | K7: 88823547 | L7: 4176453 | M7: 4176453 | N7: 4176453
B8: A-1-0-1-4-1 | C8: 10 | D8: PRIMA TECNICA SALARIAL | E8: 88000000 | F8: 0 | G8: 0 | H8: 88000000 | I8: 0 | J8: 3190387 | K8: 84809613 | L8: 3190387 | M8: 3190387 | N8: 3190387
B9: A-1-0-1-4-2 | C9: 10 | D9: PRIMA TECNICA NO SALARIAL | E9: 491575586 | F9: 0 | G9: 0 | H9: 491575586 | I9: 0 | J9: 33235920 | K9: 458339666 | L9: 33235920 | M9: 33235920 | N9: 33235920
B10: A-1-0-1-5-1 | C10: 10 | D10: GASTOS DE REPRESENTACION | E10: 147000000 | F10: 0 | G10: 0 | H10: 147000000 | I10: 0 | J10: 13116313 | K10: 133883687 | L10: 13116313 | M10: 13116313 | N10: 13116313
B11: A-1-0-1-5-2 | C11: 10 | D11: BONIFICACION POR SERVICIOS PRESTADOS | E11: 331744293 | F11: 0 | G11: 0 | H11: 331744293 | I11: 0 | J11: 24966921 | K11: 306777372 | L11: 24966921 | M11: 24966921 | N11: 24966921
B12: A-1-0-1-5-5 | C12: 10 | D12: BONIFICACION ESPECIAL DE RECREACION | E12: 44207000 | F12: 0 | G12: 0 | H12: 44207000 | I12: 0 | J12: 1314864 | K12: 42892136 | L12: 1314864 | M12: 1314864 | N12: 1314864
B13: A-1-0-1-5-12 | C13: 10 | D13: SUBSIDIO DE ALIMENTACION | E13: 5166460 | F13: 0 | G13: 0 | H13: 5166460 | I13: 0 | J13: 429072 | K13: 4737388 | L13: 429072 | M13: 429072 | N13: 429072
B14: A-1-0-1-5-13 | C14: 10 | D14: AUXILIO DE TRANSPORTE | E14: 1430000 | F14: 0 | G14: 0 | H14: 1430000 | I14: 0 | J14: 83140 | K14: 1346860 | L14: 83140 | M14: 83140 | N14: 83140
B15: A-1-0-1-5-14 | C15: 10 | D15: PRIMA DE SERVICIO | E15: 688020000 | F15: 0 | G15: 0 | H15: 688020000 | I15: 0 | J15: 0 | K15: 688020000 | L15: 0 | M15: 0 | N15: 0
B16: A-1-0-1-5-15 | C16: 10 | D16: PRIMA DE VACACIONES | E16: 394014000 | F16: 0 | G16: 0 | H16: 394014000 | I16: 0 | J16: 10923143 | K16: 383090857 | L16: 10923143 | M16: 10923143 | N16: 10923143
... B37: A-1-0-5-9 | C37: 10 | D37: APORTES A ESCUELAS INDUSTRIALES E INSTITUTOS TECNICOS | E37: 89080354 | F37: 0 | G37: 0 | H37: 89080354 | I37: 0 | J37: 7179400 | K37: 81900954 | L37: 7179400 | M37: 7179400 | N37: 7179400
E38: =SUM(E5:E37) -> 16453482803 | F38: =SUM(F5:F37) -> 92000000 | G38: =SUM(G5:G37) -> 92000000 | H38: =SUM(H5:H37) -> 16453482803 | I38: =SUM(I5:I37) -> 0 | J38: =SUM(J5:J37) -> 1181325163 | K38: =SUM(K5:K37) -> 15272157640 | L38: =SUM(L5:L37) -> 1710575308 | ... N38: =SUM(N5:N37) -> 1050000000
B39: A-2-0-3-50-2 | C39: 10 | D39: IMPUESTO DE VEHICULO | E39: 5000000 | F39: 0 | G39: 0 | H39: 5000000 | I39: 0 | J39: 0 | K39: 5000000 | L39: 0 | M39: 0 | N39: 0
B40: A-2-0-3-50-90 | C40: 10 | D40: OTROS IMPUESTOS | E40: 45000000 | F40: 0 | G40: 0 | H40: 45000000 | I40: 0 | J40: 0 | K40: 45000000 | L40: 0 | M40: 0 | N40: 0
B41: A-2-0-4-1-25 | C41: 10 | D41: OTRAS COMPRAS DE EQUIPOS | E41: 15000000 | F41: 0 | G41: 15000000 | H41: 0 | I41: 0 | J41: 0 | K41: 0 | L41: 0 | M41: 0 | N41: 0
B42: A-2-0-4-4-1 | C42: 10 | D42: COMBUSTIBLE Y LUBRICANTES | E42: 10000000 | F42: 0 | G42: 0 | H42: 10000000 | I42: 0 | J42: 0 | K42: 10000000 | L42: 0 | M42: 0 | N42: 0
B43: A-2-0-4-4-2 | C43: 10 | D43: DOTACION | E43: 1500000 | F43: 0 | G43: 1500000 | H43: 0 | I43: 0 | J43: 0 | K43: 0 | L43: 0 | M43: 0 | N43: 0
B44: A-2-0-4-4-6 | C44: 10 | D44: LLANTAS Y ACCESORIOS | E44: 5000000 | F44: 0 | G44: 5000000 | H44: 0 | I44: 0 | J44: 0 | K44: 0 | L44: 0 | M44: 0 | N44: 0
B45: A-2-0-4-4-15 | C45: 10 | D45: PAPELERIA, UTILES DE ESCRITORIO Y OFICINA | E45: 10000000 | F45: 0 | G45: 9000000 | H45: 1000000 | I45: 0 | J45: 0 | K45: 1000000 | L45: 0 | M45: 0 | N45: 0
B46: A-2-0-4-4-23 | C46: 10 | D46: OTROS MATERIALES Y SUMINISTROS | E46: 20000000 | F46: 2000000 | G46: 16000000 | H46: 6000000 | I46: 0 | J46: 0 | K46: 6000000 | L46: 5000000 | M46: 5000000 | N46: 5000000
B47: A-2-0-4-5-1 | C47: 10 | D47: MANTENIMIENTO DE BIENES INMUEBLES | E47: 9747600 | F47: 0 | G47: 7747600 | H47: 2000000 | I47: 0 | J47: 0 | K47: 2000000 | L47: 2000000 | M47: 2000000 | N47: 2000000
B48: A-2-0-4-5-2 | C48: 10 | D48: MANTENIMIENTO DE BIENES MUEBLES, EQUIPOS Y ENSERES | E48: 16100000 | F48: 0 | G48: 13100000 | H48: 3000000 | I48: 0 | J48: 0 | K48: 3000000 | L48: 2500000 | M48: 2500000 | N48: 2500000
B49: A-2-0-4-5-8 | C49: 10 | D49: SERVICIO DE ASEO | E49: 185560000 | F49: 0 | G49: 0 | H49: 185560000 | I49: 0 | J49: 0 | K49: 185560000 | L49: 0 | M49: 0 | N49: 0
B50: A-2-0-4-5-9 | C50: 10 | D50: SERVICIO DE CAFETERIA Y RESTAURANTE | E50: 66776295 | F50: 16223705 | G50: 0 | H50: 83000000 | I50: 0 | J50: 0 | K50: 83000000 | L50: 3000000 | M50: 3000000 | N50: 3000000
... B71: A-2-0-4-21-11 | C71: 10 | D71: OTROS SERVICIOS PARA CAPACITACION, BIENESTAR SOCIAL Y ESTIMULOS | E71: 1400440 | F71: 0 | G71: 0 | H71: 1400440 | I71: 0 | J71: 0 | K71: 1400440 | L71: 0 | M71: 0 | N71: 0
E72: =SUM(E39:E71) -> 2039285840 | F72: =SUM(F39:F71) -> 122936968 | G72: =SUM(G39:G71) -> 122936968 | H72: =SUM(H39:H71) -> 2039285840 | I72: =SUM(I39:I71) -> 0 | J72: =SUM(J39:J71) -> 59547176 | K72: =SUM(K39:K71) -> 1979738664 | L72: =SUM(L39:L71) -> 36547176 | ... N72: =SUM(N39:N71) -> 2.3283097e+08
B73: A-3-2-1-1 | C73: 11 | D73: CUOTA DE AUDITAJE CONTRANAL | E73: 543261715 | F73: 0 | G73: 0 | H73: 543261715 | I73: 0 | J73: 0 | K73: 543261715 | L73: 0 | M73: 0 | N73: 0
B74: A-3-2-1-16 | C74: 10 | D74: ESCUELA NACIONAL DEL DEPORTE - ART. 51 DECRETO 2845 DE 1984 | E74: 7343266662 | F74: 0 | G74: 0 | H74: 7343266662 | I74: 0 | J74: 981107757 | K74: 6362158905 | L74: 981107757 | M74: 981107757 | N74: 981107757
B75: A-3-2-10-2 | C75: 10 | D75: RECURSOS IMPUESTO NACIONAL AL CONSUMO TELEFONIA MOVIL - ARTICULO 72 LEY 1607 DE 2012 | E75: 27194426653 | F75: 0 | G75: 0 | H75: 27194426653 | I75: 0 | J75: 0 | K75: 27194426653 | L75: 0 | M75: 0 | N75: 0
B76: A-3-5-1-1 | C76: 10 | D76: MESADAS PENSIONALES | E76: 2000000000 | F76: 0 | G76: 0 | H76: 2000000000 | I76: 0 | J76: -3614412.4 | K76: 2.0036144e+09 | L76: 0 | M76: 44608074 | N76: 44608074
B77: A-3-6-1-1 | C77: 10 | D77: SENTENCIAS Y CONCILIACIONES | E77: 100000000 | F77: 0 | G77: 0 | H77: 100000000 | I77: 0 | J77: 0 | K77: 100000000 | L77: 0 | M77: 0 | N77: 0
E78: =SUM(E39:E77) -> 41259526710 | F78: =SUM(F39:F77) -> 245873936 | G78: =SUM(G39:G77) -> 245873936 | H78: =SUM(H39:H77) -> 41259526710 | I78: =SUM(I39:I77) -> 0 | J78: =SUM(J39:J77) -> 1.0965877e+09 | K78: =SUM(K39:K77) -> 4.0162939e+10 | L78: =SUM(L73:L77) -> 981107757 | M78: =SUM(M39:M77) -> 1.588187e+09 | N78: =SUM(N39:N77) -> 1.4913778e+09
B79: C-4301-1604-1 | C79: 10 | D79: APOYO A LA UNIVERSALIZACION DE LA PRACTICA REGULAR DE LA ACTIVIDAD FISICA Y DE HABITOS Y ESTILOS DE VIDA SALUDABLE EN COLOMBIA | E79: 7000000000 | F79: 0 | G79: 0 | H79: 7000000000 | I79: 0 | J79: 81349424 | K79: 6918650576 | L79: 1019416804 | M79: 7410104 | N79: 7410104
B80: C-4301-1604-2 | C80: 10 | D80: APOYO A LA INVESTIGACIÓN Y GESTIÓN DEL DEPORTE, LA RECREACIÓN, LA ACTIVIDAD FÍSICA Y APROVECHAMIENTO DEL TIEMPO LIBRE EN COLOMBIA | E80: 300000000 | F80: 0 | G80: 0 | H80: 300000000 | I80: 0 | J80: 29943060 | K80: 270056940 | L80: 518060 | M80: 518060 | N80: 518060
B81: C-4301-1604-3 | C81: 10 | D81: APOYO AL DESARROLLO DEL PROGRAMA DE CONVIVENCIA Y PAZ EN COLOMBIA | E81: 2000000000 | F81: 0 | G81: 0 | H81: 2000000000 | I81: 0 | J81: 0 | K81: 2000000000 | L81: 1940000000 | M81: 0 | N81: 0
B82: C-4301-1604-4 | C82: 10 | D82: APOYO Y FOMENTO PARA EL DESARROLLO DEL DEPORTE SOCIAL COMUNITARIO EN COLOMBIA | E82: 4000000000 | F82: 0 | G82: 0 | H82: 4000000000 | I82: 0 | J82: 29395677 | K82: 3970604323 | L82: 444645677 | M82: 103565826 | N82: 103565826
B83: C-4301-1604-5 | C83: 10 | D83: APOYO Y FOMENTO PARA EL DESARROLLO DE LA RECREACIÓN EN COLOMBIA | E83: 8000000000 | F83: 0 | G83: 0 | H83: 8000000000 | I83: 0 | J83: 1158014744 | K83: 6841985256 | L83: 328713944 | M83: 6321171 | N83: 6321171
B84: C-4301-1604-6 | C84: 10 | D84: APOYO Y FOMENTO AL DESARROLLO DE LA EDUCACIÓN FÍSICA EXTRAESCOLAR Y EL DEPORTE FORMATIVO DE LA INFANCIA, ADOLESCENCIA Y JUVENTUD EN COLOMBIA | E84: 49000000000 | F84: 0 | G84: 0 | H84: 49000000000 | I84: 0 | J84: 2.9275028e+10 | K84: 1.9724972e+10 | L84: 3.4394115e+08 | M84: 596584 | N84: 596584
B85: C-4301-1604-7 | C85: 10 | D85: APOYO AL PROGRAMA QUE ORIENTEN UN DESARROLLO NEUROMOTRIZ, FORMACIÓN TÉCNICA Y FÍSICA EN LA EDUCACIÓN FÍSICA EXTRAESCOLAR NACIONAL | E85: 3000000000 | F85: 0 | G85: 0 | H85: 3000000000 | I85: 0 | J85: 165175 | K85: 2999834825 | L85: 2940165175 | M85: 976165175 | N85: 816799966
B86: C-4302-1604-1 | C86: 10 | D86: APOYO AL DESARROLLO DEL SISTEMA PARALIMPICO PARA EL POSICIONAMIENTO Y LIDERAZGO DEPORTIVO EN COLOMBIA | E86: 7900000000 | F86: 0 | G86: 0 | H86: 7900000000 | I86: 0 | J86: 4382088150 | K86: 3517911850 | L86: 653112453 | M86: 146191584 | N86: 137338980
B87: C-4302-1604-2 | C87: 10 | D87: APOYO PARA EL DESARROLLO DEL DEPORTE DEL SISTEMA OLIMPICO Y CONVENCIONAL PARA EL POSICIONAMIENTO Y LIDERAZGO DEPORTIVO EN COLOMBIA | E87: 36500000000 | F87: 0 | G87: 0 | H87: 36500000000 | I87: 0 | J87: 13352030533 | K87: 23147969467 | L87: 6314184655 | M87: 1280023664 | N87: 732823664
B88: C-4302-1604-2 | C88: 13 | D88: APOYO PARA EL DESARROLLO DEL DEPORTE DEL SISTEMA OLIMPICO Y CONVENCIONAL PARA EL POSICIONAMIENTO Y LIDERAZGO DEPORTIVO EN COLOMBIA | E88: 36500000000 | F88: 0 | G88: 0 | H88: 36500000000 | I88: 0 | J88: 22176376250 | K88: 14323623750 | L88: 15177820000 | M88: 431471 | N88: 431471
B89: C-4302-1604-3 | C89: 10 | D89: APOYO A LA ORGANIZACIÓN Y REALIZACION DE LOS JUEGOS DEPORTIVOS NACIONALES Y PARANACIONALES EN COLOMBIA | E89: 100000000 | F89: 0 | G89: 0 | H89: 100000000 | I89: 0 | J89: 1997621 | K89: 98002379 | L89: 1997621 | M89: 140175 | N89: 140175
B90: C-4302-1604-4 | C90: 10 | D90: APOYO A LA ORGANIZACIÓN, PARTICIPACIÓN Y REALIZACIÓN DE EVENTOS INTERNACIONALES EN COLOMBIA | E90: 6000000000 | F90: 0 | G90: 0 | H90: 6000000000 | I90: 0 | J90: 287712711 | K90: 5712287289 | L90: 347053014 | M90: 2777700 | N90: 2777700
... B109: C-4399-1604-6 | C109: 10 | D109: ASISTENCIA Y MEJORAMIENTO AL PROCESO DE PLANEACIÓN INSTITUCIONAL DEL SISTEMA NACIONAL DEL DEPORTE EN COLOMBIA | E109: 260000000 | F109: 0 | G109: 0 | H109: 260000000 | I109: 0 | J109: 1801429 | K109: 258198571 | L109: 157801429 | M109: 964640 | N109: 964640
E110: =SUM(E79:E109) -> 343170094127 | F110: =SUM(F79:F109) -> 0 | G110: =SUM(G79:G109) -> 0 | H110: =SUM(H79:H109) -> 343170094127 | I110: =SUM(I79:I109) -> 0 | J110: =SUM(J79:J109) -> 7.4926049e+10 | K110: =SUM(K79:K109) -> 2.6824404e+11 | L110: =SUM(L79:L109) -> 3.5130521e+10 | ... N110: =SUM(N79:N109) -> 1975026999

Sheet MARZO
B1: 2017
B2: Actual
B3: Marzo
B4: RUBRO | C4: REC | D4: DESCRIPCION | E4: APR. INICIAL | F4: APR. ADICIONADA | G4: APR. REDUCIDA | H4: APR. VIGENTE | I4: APR BLOQUEADA | J4: CDP | K4: APR. DISPONIBLE | L4: COMPROMISO | M4: OBLIGACION | N4: PAGOS
B5: A-1-0-1-1-1 | C5: 10 | D5: SUELDOS | E5: 7472060003 | F5: 0 | G5: 0 | H5: 7472060003 | I5: 0 | J5: 660654444 | K5: 6811405559 | L5: 660654444 | M5: 660654444 | N5: 658048290
B6: A-1-0-1-1-2 | C6: 10 | D6: SUELDOS DE VACACIONES | E6: 470284000 | F6: 0 | G6: 0 | H6: 470284000 | I6: 0 | J6: 18395996 | K6: 451888004 | L6: 18395996 | M6: 18395996 | N6: 18395996
B7: A-1-0-1-1-4 | C7: 10 | D7: INCAPACIDADES Y LICENCIA DE MATERNIDAD | E7: 93000000 | F7: 0 | G7: 0 | H7: 93000000 | I7: 0 | J7: 5050095 | K7: 87949905 | L7: 5050095 | M7: 5050095 | N7: 5050095
B8: A-1-0-1-4-1 | C8: 10 | D8: PRIMA TECNICA SALARIAL | E8: 88000000 | F8: 0 | G8: 0 | H8: 88000000 | I8: 0 | J8: 3190387 | K8: 84809613 | L8: 3190387 | M8: 3190387 | N8: 3190387
B9: A-1-0-1-4-2 | C9: 10 | D9: PRIMA TECNICA NO SALARIAL | E9: 491575586 | F9: 0 | G9: 0 | H9: 491575586 | I9: 0 | J9: 45943908 | K9: 445631678 | L9: 35395798 | M9: 35395798 | N9: 35395798
B10: A-1-0-1-5-1 | C10: 10 | D10: GASTOS DE REPRESENTACION | E10: 147000000 | F10: 0 | G10: 0 | H10: 147000000 | I10: 0 | J10: 13116313 | K10: 133883687 | L10: 13116313 | M10: 13116313 | N10: 13116313
B11: A-1-0-1-5-2 | C11: 10 | D11: BONIFICACION POR SERVICIOS PRESTADOS | E11: 331744293 | F11: 0 | G11: 0 | H11: 331744293 | I11: 0 | J11: 10787040 | K11: 320957253 | L11: 10787040 | M11: 10787040 | N11: 10787040
B12: A-1-0-1-5-5 | C12: 10 | D12: BONIFICACION ESPECIAL DE RECREACION | E12: 44207000 | F12: 0 | G12: 0 | H12: 44207000 | I12: 0 | J12: 1460833 | K12: 42746167 | L12: 1460833 | M12: 1460833 | N12: 1460833
B13: A-1-0-1-5-12 | C13: 10 | D13: SUBSIDIO DE ALIMENTACION | E13: 5166460 | F13: 0 | G13: 0 | H13: 5166460 | I13: 0 | J13: 429072 | K13: 4737388 | L13: 429072 | M13: 429072 | N13: 429072
B14: A-1-0-1-5-13 | C14: 10 | D14: AUXILIO DE TRANSPORTE | E14: 1430000 | F14: 0 | G14: 0 | H14: 1430000 | I14: 0 | J14: 83140 | K14: 1346860 | L14: 83140 | M14: 83140 | N14: 83140
B15: A-1-0-1-5-14 | C15: 10 | D15: PRIMA DE SERVICIO | E15: 688020000 | F15: 0 | G15: 0 | H15: 688020000 | I15: 0 | J15: 0 | K15: 688020000 | L15: 0 | M15: 0 | N15: 0
B16: A-1-0-1-5-15 | C16: 10 | D16: PRIMA DE VACACIONES | E16: 394014000 | F16: 0 | G16: 0 | H16: 394014000 | I16: 0 | J16: 12213682 | K16: 381800318 | L16: 12213682 | M16: 12213682 | N16: 12213682
... B37: A-1-0-5-9 | C37: 10 | D37: APORTES A ESCUELAS INDUSTRIALES E INSTITUTOS TECNICOS | E37: 89080354 | F37: 0 | G37: 0 | H37: 89080354 | I37: 0 | J37: 7305800 | K37: 81774554 | L37: 7305800 | M37: 7305800 | N37: 7305800
E38: =SUM(E5:E37) -> 16453482803 | F38: =SUM(F5:F37) -> 92000000 | G38: =SUM(G5:G37) -> 92000000 | H38: =SUM(H5:H37) -> 16453482803 | I38: =SUM(I5:I37) -> 0 | J38: =SUM(J5:J37) -> 1079808815 | K38: =SUM(K5:K37) -> 15373673988 | L38: =SUM(L5:L37) -> 1175583555 | ... N38: =SUM(N5:N37) -> 1177803495
B39: A-2-0-3-50-2 | C39: 10 | D39: IMPUESTO DE VEHICULO | E39: 5000000 | F39: 0 | G39: 0 | H39: 5000000 | I39: 0 | J39: 0 | K39: 5000000 | L39: 0 | M39: 0 | N39: 0
B40: A-2-0-3-50-90 | C40: 10 | D40: OTROS IMPUESTOS | E40: 45000000 | F40: 0 | G40: 0 | H40: 45000000 | I40: 0 | J40: 0 | K40: 45000000 | L40: 0 | M40: 0 | N40: 0
B41: A-2-0-4-1-25 | C41: 10 | D41: OTRAS COMPRAS DE EQUIPOS | E41: 15000000 | F41: 0 | G41: 15000000 | H41: 0 | I41: 0 | J41: 0 | K41: 0 | L41: 0 | M41: 0 | N41: 0
B42: A-2-0-4-4-1 | C42: 10 | D42: COMBUSTIBLE Y LUBRICANTES | E42: 10000000 | F42: 0 | G42: 0 | H42: 10000000 | I42: 0 | J42: 0 | K42: 10000000 | L42: 0 | M42: 0 | N42: 0
B43: A-2-0-4-4-2 | C43: 10 | D43: DOTACION | E43: 1500000 | F43: 1400440 | G43: 1500000 | H43: 1400440 | I43: 0 | J43: 1400000 | K43: 440 | L43: 0 | M43: 0 | N43: 0
B44: A-2-0-4-4-6 | C44: 10 | D44: LLANTAS Y ACCESORIOS | E44: 5000000 | F44: 0 | G44: 5000000 | H44: 0 | I44: 0 | J44: 0 | K44: 0 | L44: 0 | M44: 0 | N44: 0
B45: A-2-0-4-4-15 | C45: 10 | D45: PAPELERIA, UTILES DE ESCRITORIO Y OFICINA | E45: 10000000 | F45: 0 | G45: 9000000 | H45: 1000000 | I45: 0 | J45: 0 | K45: 1000000 | L45: 0 | M45: 0 | N45: 0
B46: A-2-0-4-4-23 | C46: 10 | D46: OTROS MATERIALES Y SUMINISTROS | E46: 20000000 | F46: 12000000 | G46: 16000000 | H46: 16000000 | I46: 0 | J46: 0 | K46: 16000000 | L46: 0 | M46: 0 | N46: 0
B47: A-2-0-4-5-1 | C47: 10 | D47: MANTENIMIENTO DE BIENES INMUEBLES | E47: 9747600 | F47: 10000000 | G47: 7747600 | H47: 12000000 | I47: 0 | J47: 0 | K47: 12000000 | L47: 0 | M47: 0 | N47: 0
B48: A-2-0-4-5-2 | C48: 10 | D48: MANTENIMIENTO DE BIENES MUEBLES, EQUIPOS Y ENSERES | E48: 16100000 | F48: 7500000 | G48: 13100000 | H48: 10500000 | I48: 0 | J48: 0 | K48: 10500000 | L48: 0 | M48: 0 | N48: 0
B49: A-2-0-4-5-8 | C49: 10 | D49: SERVICIO DE ASEO | E49: 185560000 | F49: 0 | G49: 0 | H49: 185560000 | I49: 0 | J49: 0 | K49: 185560000 | L49: 0 | M49: 17171341 | N49: 0
B50: A-2-0-4-5-9 | C50: 10 | D50: SERVICIO DE CAFETERIA Y RESTAURANTE | E50: 66776295 | F50: 16223705 | G50: 0 | H50: 83000000 | I50: 0 | J50: 0 | K50: 83000000 | L50: 0 | M50: 4640903.1 | N50: 0
... B71: A-2-0-4-21-11 | C71: 10 | D71: OTROS SERVICIOS PARA CAPACITACION, BIENESTAR SOCIAL Y ESTIMULOS | E71: 1400440 | F71: 12599560 | G71: 0 | H71: 14000000 | I71: 0 | J71: 14000000 | K71: 0 | L71: 0 | M71: 0 | N71: 0
E72: =SUM(E39:E71) -> 2039285840 | F72: =SUM(F39:F71) -> 193936968 | G72: =SUM(G39:G71) -> 193936968 | H72: =SUM(H39:H71) -> 2039285840 | I72: =SUM(I39:I71) -> 0 | J72: =SUM(J39:J71) -> -13853769 | K72: =SUM(K39:K71) -> 2.0531396e+09 | L72: =SUM(L39:L71) -> 23633316 | ... N72: =SUM(N39:N71) -> 1.135406e+08
B73: A-3-2-1-1 | C73: 11 | D73: CUOTA DE AUDITAJE CONTRANAL | E73: 543261715 | F73: 0 | G73: 0 | H73: 543261715 | I73: 0 | J73: 0 | K73: 543261715 | L73: 0 | M73: 0 | N73: 0
B74: A-3-2-1-16 | C74: 10 | D74: ESCUELA NACIONAL DEL DEPORTE - ART. 51 DECRETO 2845 DE 1984 | E74: 7343266662 | F74: 0 | G74: 0 | H74: 7343266662 | I74: 0 | J74: 597402136 | K74: 6745864526 | L74: 597402136 | M74: 597402136 | N74: 597402136
B75: A-3-2-10-2 | C75: 10 | D75: RECURSOS IMPUESTO NACIONAL AL CONSUMO TELEFONIA MOVIL - ARTICULO 72 LEY 1607 DE 2012 | E75: 27194426653 | F75: 0 | G75: 0 | H75: 27194426653 | I75: 0 | J75: 0 | K75: 27194426653 | L75: 0 | M75: 0 | N75: 0
B76: A-3-5-1-1 | C76: 10 | D76: MESADAS PENSIONALES | E76: 2000000000 | F76: 0 | G76: 0 | H76: 2000000000 | I76: 0 | J76: 391043 | K76: 1999608957 | L76: 391043 | M76: 23800407 | N76: 23800407
B77: A-3-6-1-1 | C77: 10 | D77: SENTENCIAS Y CONCILIACIONES | E77: 100000000 | F77: 0 | G77: 0 | H77: 100000000 | I77: 0 | J77: 0 | K77: 100000000 | L77: 0 | M77: 0 | N77: 0
E78: =SUM(E73:E77) -> 37180955030 | F78: =SUM(F73:F77) -> 0 | G78: =SUM(G73:G77) -> 0 | H78: =SUM(H73:H77) -> 37180955030 | I78: =SUM(I73:I77) -> 0 | J78: =SUM(J73:J77) -> 597793179 | K78: =SUM(K73:K77) -> 36583161851 | L78: =SUM(L73:L77) -> 597793179 | ... N78: =SUM(N73:N77) -> 621202543
B79: C-4301-1604-1 | C79: 10 | D79: APOYO A LA UNIVERSALIZACION DE LA PRACTICA REGULAR DE LA ACTIVIDAD FISICA Y DE HABITOS Y ESTILOS DE VIDA SALUDABLE EN COLOMBIA | E79: 7000000000 | F79: 0 | G79: 0 | H79: 7000000000 | I79: 0 | J79: 1241800696 | K79: 5758199304 | L79: 3638144064 | M79: 45855237 | N79: 45855237
B80: C-4301-1604-2 | C80: 10 | D80: APOYO A LA INVESTIGACIÓN Y GESTIÓN DEL DEPORTE, LA RECREACIÓN, LA ACTIVIDAD FÍSICA Y APROVECHAMIENTO DEL TIEMPO LIBRE EN COLOMBIA | E80: 300000000 | F80: 0 | G80: 0 | H80: 300000000 | I80: 0 | J80: 237929653 | K80: 62070347 | L80: 29071320 | M80: 0 | N80: 0
B81: C-4301-1604-3 | C81: 10 | D81: APOYO AL DESARROLLO DEL PROGRAMA DE CONVIVENCIA Y PAZ EN COLOMBIA | E81: 2000000000 | F81: 0 | G81: 0 | H81: 2000000000 | I81: 0 | J81: 0 | K81: 2000000000 | L81: 0 | M81: 0 | N81: 0
B82: C-4301-1604-4 | C82: 10 | D82: APOYO Y FOMENTO PARA EL DESARROLLO DEL DEPORTE SOCIAL COMUNITARIO EN COLOMBIA | E82: 4000000000 | F82: 0 | G82: 0 | H82: 4000000000 | I82: 0 | J82: 2214479104 | K82: 1785520896 | L82: 5579104 | M82: 41846177 | N82: 41177059
B83: C-4301-1604-5 | C83: 10 | D83: APOYO Y FOMENTO PARA EL DESARROLLO DE LA RECREACIÓN EN COLOMBIA | E83: 8000000000 | F83: 0 | G83: 0 | H83: 8000000000 | I83: 0 | J83: 4998154477 | K83: 3001845523 | L83: 9631977 | M83: 41876116 | N83: 41876116
B84: C-4301-1604-6 | C84: 10 | D84: APOYO Y FOMENTO AL DESARROLLO DE LA EDUCACIÓN FÍSICA EXTRAESCOLAR Y EL DEPORTE FORMATIVO DE LA INFANCIA, ADOLESCENCIA Y JUVENTUD EN COLOMBIA | E84: 49000000000 | F84: 0 | G84: 0 | H84: 49000000000 | I84: 0 | J84: 1434542272 | K84: 47565457728 | L84: 35214665749 | M84: 8.1581684e+09 | N84: 7.2642276e+09
B85: C-4301-1604-7 | C85: 10 | D85: APOYO AL PROGRAMA QUE ORIENTEN UN DESARROLLO NEUROMOTRIZ, FORMACIÓN TÉCNICA Y FÍSICA EN LA EDUCACIÓN FÍSICA EXTRAESCOLAR NACIONAL | E85: 3000000000 | F85: 0 | G85: 0 | H85: 3000000000 | I85: 0 | J85: 3955762 | K85: 2996044238 | L85: 3955762 | M85: 2603841 | N85: 161969050
B86: C-4302-1604-1 | C86: 10 | D86: APOYO AL DESARROLLO DEL SISTEMA PARALIMPICO PARA EL POSICIONAMIENTO Y LIDERAZGO DEPORTIVO EN COLOMBIA | E86: 7900000000 | F86: 0 | G86: 0 | H86: 7900000000 | I86: 0 | J86: -946927786 | K86: 8846927786 | L86: 2722109972 | M86: 1515131510 | N86: 1518874452
B87: C-4302-1604-2 | C87: 10 | D87: APOYO PARA EL DESARROLLO DEL DEPORTE DEL SISTEMA OLIMPICO Y CONVENCIONAL PARA EL POSICIONAMIENTO Y LIDERAZGO DEPORTIVO EN COLOMBIA | E87: 36500000000 | F87: 0 | G87: 0 | H87: 36500000000 | I87: 0 | J87: -818575295 | K87: 37318575295 | L87: 5623320227 | M87: 3214679637 | N87: 3019214089
B88: C-4302-1604-2 | C88: 13 | D88: APOYO PARA EL DESARROLLO DEL DEPORTE DEL SISTEMA OLIMPICO Y CONVENCIONAL PARA EL POSICIONAMIENTO Y LIDERAZGO DEPORTIVO EN COLOMBIA | E88: 36500000000 | F88: 0 | G88: 0 | H88: 36500000000 | I88: 0 | J88: 7905971697 | K88: 28594028303 | L88: 2136277531 | M88: 7519398313 | N88: 7519398313
B89: C-4302-1604-3 | C89: 10 | D89: APOYO A LA ORGANIZACIÓN Y REALIZACION DE LOS JUEGOS DEPORTIVOS NACIONALES Y PARANACIONALES EN COLOMBIA | E89: 100000000 | F89: 0 | G89: 0 | H89: 100000000 | I89: 0 | J89: 2975777 | K89: 97024223 | L89: 2975777 | M89: 3800240 | N89: 3800240
B90: C-4302-1604-4 | C90: 10 | D90: APOYO A LA ORGANIZACIÓN, PARTICIPACIÓN Y REALIZACIÓN DE EVENTOS INTERNACIONALES EN COLOMBIA | E90: 6000000000 | F90: 0 | G90: 0 | H90: 6000000000 | I90: 0 | J90: 489438790 | K90: 5510561210 | L90: 260163097 | M90: 201239742 | N90: 201239742
... B109: C-4399-1604-6 | C109: 10 | D109: ASISTENCIA Y MEJORAMIENTO AL PROCESO DE PLANEACIÓN INSTITUCIONAL DEL SISTEMA NACIONAL DEL DEPORTE EN COLOMBIA | E109: 260000000 | F109: 0 | G109: 0 | H109: 260000000 | I109: 0 | J109: 782112 | K109: 259217888 | L109: 782112 | M109: 12613951 | N109: 12613951
E110: =SUM(E79:E109) -> 343170094127 | F110: =SUM(F79:F109) -> 0 | G110: =SUM(G79:G109) -> 0 | H110: =SUM(H79:H109) -> 343170094127 | I110: =SUM(I79:I109) -> 0 | J110: =SUM(J79:J109) -> 21259736900 | K110: =SUM(K79:K109) -> 321910357227 | L110: =SUM(L79:L109) -> 5.4485197e+10 | ... N110: =SUM(N79:N109) -> 2.1715298e+10

Sheet ABRIL
B4: RUBRO | C4: REC | D4: DESCRIPCION | E4: APR. INICIAL | F4: APR. ADICIONADA | G4: APR. REDUCIDA | H4: APR. VIGENTE | I4: APR BLOQUEADA | J4: CDP | K4: APR. DISPONIBLE | L4: COMPROMISO | M4: OBLIGACION | N4: PAGOS
B5: A-1-0-1-1-1 | C5: 10 | D5: SUELDOS | E5: 7472060003 | F5: 0 | G5: 0 | H5: 7472060003 | I5: 0 | J5: 654135937 | K5: 6817924066 | L5: 654135937 | M5: 654135937 | N5: 656742091
B6: A-1-0-1-1-2 | C6: 10 | D6: SUELDOS DE VACACIONES | E6: 470284000 | F6: 0 | G6: 0 | H6: 470284000 | I6: 0 | J6: 7574345 | K6: 462709655 | L6: 7574345 | M6: 7574345 | N6: 7574345
B7: A-1-0-1-1-4 | C7: 10 | D7: INCAPACIDADES Y LICENCIA DE MATERNIDAD | E7: 93000000 | F7: 0 | G7: 0 | H7: 93000000 | I7: 0 | J7: 7481393 | K7: 85518607 | L7: 7481393 | M7: 7481393 | N7: 7481393
B8: A-1-0-1-4-1 | C8: 10 | D8: PRIMA TECNICA SALARIAL | E8: 88000000 | F8: 0 | G8: 0 | H8: 88000000 | I8: 0 | J8: 3190387 | K8: 84809613 | L8: 3190387 | M8: 3190387 | N8: 3190387
B9: A-1-0-1-4-2 | C9: 10 | D9: PRIMA TECNICA NO SALARIAL | E9: 491575586 | F9: 0 | G9: 0 | H9: 491575586 | I9: 0 | J9: 35989948 | K9: 455585638 | L9: 35989948 | M9: 35989948 | N9: 35989948
B10: A-1-0-1-5-1 | C10: 10 | D10: GASTOS DE REPRESENTACION | E10: 147000000 | F10: 0 | G10: 0 | H10: 147000000 | I10: 0 | J10: 13116313 | K10: 133883687 | L10: 13116313 | M10: 13116313 | N10: 13116313
B11: A-1-0-1-5-2 | C11: 10 | D11: BONIFICACION POR SERVICIOS PRESTADOS | E11: 331744293 | F11: 0 | G11: 0 | H11: 331744293 | I11: 0 | J11: 13345769 | K11: 318398524 | L11: 13345769 | M11: 13345769 | N11: 13345769
B12: A-1-0-1-5-5 | C12: 10 | D12: BONIFICACION ESPECIAL DE RECREACION | E12: 44207000 | F12: 0 | G12: 0 | H12: 44207000 | I12: 0 | J12: 1296046 | K12: 42910954 | L12: 1296046 | M12: 1296046 | N12: 1296046
B13: A-1-0-1-5-12 | C13: 10 | D13: SUBSIDIO DE ALIMENTACION | E13: 5166460 | F13: 0 | G13: 0 | H13: 5166460 | I13: 0 | J13: 429072 | K13: 4737388 | L13: 429072 | M13: 429072 | N13: 429072
B14: A-1-0-1-5-13 | C14: 10 | D14: AUXILIO DE TRANSPORTE | E14: 1430000 | F14: 0 | G14: 0 | H14: 1430000 | I14: 0 | J14: 83140 | K14: 1346860 | L14: 83140 | M14: 83140 | N14: 83140
B15: A-1-0-1-5-14 | C15: 10 | D15: PRIMA DE SERVICIO | E15: 688020000 | F15: 0 | G15: 0 | H15: 688020000 | I15: 0 | J15: 2493195 | K15: 685526805 | L15: 2493195 | M15: 2493195 | N15: 2493195
B16: A-1-0-1-5-15 | C16: 10 | D16: PRIMA DE VACACIONES | E16: 394014000 | F16: 0 | G16: 0 | H16: 394014000 | I16: 0 | J16: 10824882 | K16: 383189118 | L16: 10824882 | M16: 10824882 | N16: 10824882
... B37: A-1-0-5-9 | C37: 10 | D37: APORTES A ESCUELAS INDUSTRIALES E INSTITUTOS TECNICOS | E37: 89080354 | F37: 0 | G37: 0 | H37: 89080354 | I37: 0 | J37: 7259900 | K37: 81820454 | L37: 7259900 | M37: 7259900 | N37: 7259900
E38: =SUM(E5:E37) -> 16453482803 | F38: =SUM(F5:F37) -> 92000000 | G38: =SUM(G5:G37) -> 92000000 | H38: =SUM(H5:H37) -> 16453482803 | I38: =SUM(I5:I37) -> 0 | J38: =SUM(J5:J37) -> 1069167703 | K38: =SUM(K5:K37) -> 15384315100 | L38: =SUM(L5:L37) -> 1069167703 | ... N38: =SUM(N5:N37) -> 1176564378
B39: A-2-0-3-50-2 | C39: 10 | D39: IMPUESTO DE VEHICULO | E39: 5000000 | F39: 0 | G39: 0 | H39: 5000000 | I39: 0 | J39: 0 | K39: 5000000 | L39: 0 | M39: 0 | N39: 0
B40: A-2-0-3-50-90 | C40: 10 | D40: OTROS IMPUESTOS | E40: 45000000 | F40: 0 | G40: 0 | H40: 45000000 | I40: 0 | J40: 0 | K40: 45000000 | L40: 0 | M40: 0 | N40: 0
B41: A-2-0-4-1-25 | C41: 10 | D41: OTRAS COMPRAS DE EQUIPOS | E41: 15000000 | F41: 0 | G41: 15000000 | H41: 0 | I41: 0 | J41: 0 | K41: 0 | L41: 0 | M41: 0 | N41: 0
B42: A-2-0-4-4-1 | C42: 10 | D42: COMBUSTIBLE Y LUBRICANTES | E42: 10000000 | F42: 0 | G42: 0 | H42: 10000000 | I42: 0 | J42: 0 | K42: 10000000 | L42: 0 | M42: 0 | N42: 0
B43: A-2-0-4-4-2 | C43: 10 | D43: DOTACION | E43: 1500000 | F43: 1400440 | G43: 1500000 | H43: 1400440 | I43: 0 | J43: 0 | K43: 1400440 | L43: 0 | M43: 0 | N43: 0
B44: A-2-0-4-4-6 | C44: 10 | D44: LLANTAS Y ACCESORIOS | E44: 5000000 | F44: 0 | G44: 5000000 | H44: 0 | I44: 0 | J44: 0 | K44: 0 | L44: 0 | M44: 0 | N44: 0
B45: A-2-0-4-4-15 | C45: 10 | D45: PAPELERIA, UTILES DE ESCRITORIO Y OFICINA | E45: 10000000 | F45: 0 | G45: 9000000 | H45: 1000000 | I45: 0 | J45: 0 | K45: 1000000 | L45: 0 | M45: 0 | N45: 0
B46: A-2-0-4-4-23 | C46: 10 | D46: OTROS MATERIALES Y SUMINISTROS | E46: 20000000 | F46: 12000000 | G46: 16000000 | H46: 16000000 | I46: 0 | J46: 10000000 | K46: 6000000 | L46: 2066333 | M46: 2066333 | N46: 2066333
B47: A-2-0-4-5-1 | C47: 10 | D47: MANTENIMIENTO DE BIENES INMUEBLES | E47: 9747600 | F47: 10000000 | G47: 7747600 | H47: 12000000 | I47: 0 | J47: 10000000 | K47: 2000000 | L47: 1976300 | M47: 1976300 | N47: 1976300
B48: A-2-0-4-5-2 | C48: 10 | D48: MANTENIMIENTO DE BIENES MUEBLES, EQUIPOS Y ENSERES | E48: 16100000 | F48: 7500000 | G48: 13100000 | H48: 10500000 | I48: 0 | J48: 7500000 | K48: 3000000 | L48: 752505 | M48: 752505 | N48: 752505
B49: A-2-0-4-5-8 | C49: 10 | D49: SERVICIO DE ASEO | E49: 185560000 | F49: 0 | G49: 0 | H49: 185560000 | I49: 0 | J49: 0 | K49: 185560000 | L49: 0 | M49: 17820729 | N49: 34992071
B50: A-2-0-4-5-9 | C50: 10 | D50: SERVICIO DE CAFETERIA Y RESTAURANTE | E50: 66776295 | F50: 16223705 | G50: 0 | H50: 83000000 | I50: 0 | J50: 15500000 | K50: 67500000 | L50: 2474500 | M50: 7672212.7 | N50: 12313116
... B71: A-2-0-4-21-11 | C71: 10 | D71: OTROS SERVICIOS PARA CAPACITACION, BIENESTAR SOCIAL Y ESTIMULOS | E71: 1400440 | F71: 12599560 | G71: 0 | H71: 14000000 | I71: 0 | J71: 0 | K71: 14000000 | L71: 14000000 | M71: 0 | N71: 0
E72: =SUM(E39:E71) -> 2039285840 | F72: =SUM(F39:F71) -> 200836968 | G72: =SUM(G39:G71) -> 200836968 | H72: =SUM(H39:H71) -> 2039285840 | I72: =SUM(I39:I71) -> 0 | J72: =SUM(J39:J71) -> 89097162 | K72: =SUM(K39:K71) -> 1950188678 | L72: =SUM(L39:L71) -> 90984680 | ... N72: =SUM(N39:N71) -> 1.7892187e+08
B73: A-3-2-1-1 | C73: 11 | D73: CUOTA DE AUDITAJE CONTRANAL | E73: 543261715 | F73: 0 | G73: 0 | H73: 543261715 | I73: 0 | J73: 0 | K73: 543261715 | L73: 0 | M73: 0 | N73: 0
B74: A-3-2-1-16 | C74: 10 | D74: ESCUELA NACIONAL DEL DEPORTE - ART. 51 DECRETO 2845 DE 1984 | E74: 7343266662 | F74: 0 | G74: 0 | H74: 7343266662 | I74: 0 | J74: 647796667 | K74: 6695469995 | L74: 647796667 | M74: 647796667 | N74: 647796667
B75: A-3-2-10-2 | C75: 10 | D75: RECURSOS IMPUESTO NACIONAL AL CONSUMO TELEFONIA MOVIL - ARTICULO 72 LEY 1607 DE 2012 | E75: 27194426653 | F75: 0 | G75: 0 | H75: 27194426653 | I75: 0 | J75: 0 | K75: 27194426653 | L75: 0 | M75: 0 | N75: 0
B76: A-3-5-1-1 | C76: 10 | D76: MESADAS PENSIONALES | E76: 2000000000 | F76: 0 | G76: 0 | H76: 2000000000 | I76: 0 | J76: 2650000 | K76: 1997350000 | L76: 0 | M76: 23405875 | N76: 23232622
B77: A-3-6-1-1 | C77: 10 | D77: SENTENCIAS Y CONCILIACIONES | E77: 100000000 | F77: 0 | G77: 0 | H77: 100000000 | I77: 0 | J77: 389561 | K77: 99610439 | L77: 0 | M77: 0 | N77: 0
E78: =SUM(E73:E77) -> 37180955030 | F78: =SUM(F73:F77) -> 0 | G78: =SUM(G73:G77) -> 0 | H78: =SUM(H73:H77) -> 37180955030 | I78: =SUM(I73:I77) -> 0 | J78: =SUM(J73:J77) -> 650836228 | K78: =SUM(K73:K77) -> 36530118802 | L78: =SUM(L73:L77) -> 647796667 | ... N78: =SUM(N73:N77) -> 671029289
B79: C-4301-1604-1 | C79: 10 | D79: APOYO A LA UNIVERSALIZACION DE LA PRACTICA REGULAR DE LA ACTIVIDAD FISICA Y DE HABITOS Y ESTILOS DE VIDA SALUDABLE EN COLOMBIA | E79: 7000000000 | F79: 0 | G79: 0 | H79: 7000000000 | I79: 0 | J79: -20804568 | K79: 7020804568 | L79: 1624808052 | M79: 2176421245 | N79: 2065856245
B80: C-4301-1604-2 | C80: 10 | D80: APOYO A LA INVESTIGACIÓN Y GESTIÓN DEL DEPORTE, LA RECREACIÓN, LA ACTIVIDAD FÍSICA Y APROVECHAMIENTO DEL TIEMPO LIBRE EN COLOMBIA | E80: 300000000 | F80: 0 | G80: 0 | H80: 300000000 | I80: 0 | J80: -5000000 | K80: 305000000 | L80: 48033333 | M80: 3497987 | N80: 3497987
B81: C-4301-1604-3 | C81: 10 | D81: APOYO AL DESARROLLO DEL PROGRAMA DE CONVIVENCIA Y PAZ EN COLOMBIA | E81: 2000000000 | F81: 0 | G81: 0 | H81: 2000000000 | I81: 0 | J81: 1051571 | K81: 1998948429 | L81: 1051571 | M81: 0 | N81: 0
B82: C-4301-1604-4 | C82: 10 | D82: APOYO Y FOMENTO PARA EL DESARROLLO DEL DEPORTE SOCIAL COMUNITARIO EN COLOMBIA | E82: 4000000000 | F82: 0 | G82: 0 | H82: 4000000000 | I82: 0 | J82: 1097813778 | K82: 2902186222 | L82: 2731883658 | M82: 536102701 | N82: 536771819
B83: C-4301-1604-5 | C83: 10 | D83: APOYO Y FOMENTO PARA EL DESARROLLO DE LA RECREACIÓN EN COLOMBIA | E83: 8000000000 | F83: 0 | G83: 0 | H83: 8000000000 | I83: 0 | J83: 704743607 | K83: 7295256393 | L83: 2150666097 | M83: 748340859 | N83: 747511741
B84: C-4301-1604-6 | C84: 10 | D84: APOYO Y FOMENTO AL DESARROLLO DE LA EDUCACIÓN FÍSICA EXTRAESCOLAR Y EL DEPORTE FORMATIVO DE LA INFANCIA, ADOLESCENCIA Y JUVENTUD EN COLOMBIA | E84: 49000000000 | F84: 0 | G84: 0 | H84: 49000000000 | I84: 0 | J84: 112435771 | K84: 48887564229 | L84: 2849411834 | M84: 1216954705 | N84: 2086889945
B85: C-4301-1604-7 | C85: 10 | D85: APOYO AL PROGRAMA QUE ORIENTEN UN DESARROLLO NEUROMOTRIZ, FORMACIÓN TÉCNICA Y FÍSICA EN LA EDUCACIÓN FÍSICA EXTRAESCOLAR NACIONAL | E85: 3000000000 | F85: 0 | G85: 0 | H85: 3000000000 | I85: 0 | J85: 3044539 | K85: 2996955461 | L85: 3044539 | M85: 1742445 | N85: 1742445
B86: C-4302-1604-1 | C86: 10 | D86: APOYO AL DESARROLLO DEL SISTEMA PARALIMPICO PARA EL POSICIONAMIENTO Y LIDERAZGO DEPORTIVO EN COLOMBIA | E86: 7900000000 | F86: 0 | G86: 0 | H86: 7900000000 | I86: 0 | J86: 1460159962 | K86: 6439840038 | L86: 1685075017 | M86: 732515444 | N86: 719139898
B87: C-4302-1604-2 | C87: 10 | D87: APOYO PARA EL DESARROLLO DEL DEPORTE DEL SISTEMA OLIMPICO Y CONVENCIONAL PARA EL POSICIONAMIENTO Y LIDERAZGO DEPORTIVO EN COLOMBIA | E87: 36500000000 | F87: 0 | G87: 0 | H87: 36500000000 | I87: 0 | J87: -1234459697 | K87: 37734459697 | L87: 5147525320 | M87: 3.4968624e+09 | N87: 4.0600223e+09
B88: C-4302-1604-2 | C88: 13 | D88: APOYO PARA EL DESARROLLO DEL DEPORTE DEL SISTEMA OLIMPICO Y CONVENCIONAL PARA EL POSICIONAMIENTO Y LIDERAZGO DEPORTIVO EN COLOMBIA | E88: 36500000000 | F88: 0 | G88: 0 | H88: 36500000000 | I88: 0 | J88: 1856173211 | K88: 34643826789 | L88: 4994483002 | M88: 746780689 | N88: 746780689
B89: C-4302-1604-3 | C89: 10 | D89: APOYO A LA ORGANIZACIÓN Y REALIZACION DE LOS JUEGOS DEPORTIVOS NACIONALES Y PARANACIONALES EN COLOMBIA | E89: 100000000 | F89: 0 | G89: 0 | H89: 100000000 | I89: 0 | J89: 1637465 | K89: 98362535 | L89: 1637465 | M89: 2920603 | N89: 2198491
B90: C-4302-1604-4 | C90: 10 | D90: APOYO A LA ORGANIZACIÓN, PARTICIPACIÓN Y REALIZACIÓN DE EVENTOS INTERNACIONALES EN COLOMBIA | E90: 6000000000 | F90: 0 | G90: 0 | H90: 6000000000 | I90: 0 | J90: 4120096566 | K90: 1879903434 | L90: 198091941 | M90: 153844921 | N90: 90844921
... B109: C-4399-1604-6 | C109: 10 | D109: ASISTENCIA Y MEJORAMIENTO AL PROCESO DE PLANEACIÓN INSTITUCIONAL DEL SISTEMA NACIONAL DEL DEPORTE EN COLOMBIA | E109: 260000000 | F109: 0 | G109: 0 | H109: 260000000 | I109: 0 | J109: -157164 | K109: 260157164 | L109: 24842836 | M109: 15071584 | N109: 15071584
E110: =SUM(E79:E109) -> 343170094127 | F110: =SUM(F79:F109) -> 0 | G110: =SUM(G79:G109) -> 0 | H110: =SUM(H79:H109) -> 343170094127 | I110: =SUM(I79:I109) -> 0 | J110: =SUM(J79:J109) -> 2.8584465e+10 | K110: =SUM(K79:K109) -> 3.1458563e+11 | L110: =SUM(L79:L109) -> 26107896811 | ... N110: =SUM(N79:N109) -> 1.3447299e+10

Sheet MAYO
B1: 2017
B2: Actual
B3: Mayo
B4: RUBRO | C4: DESCRIPCION | D4: APR. INICIAL | E4: APR. ADICIONADA | F4: APR. REDUCIDA | G4: APR. VIGENTE | H4: APR BLOQUEADA | I4: CDP | J4: APR. DISPONIBLE | K4: COMPROMISO | L4: OBLIGACION | M4: ORDEN PAGO | N4: PAGOS
B5: A-1-0-1-1-1 | C5: SUELDOS | D5: 7472060003 | E5: 0 | F5: 0 | G5: 7472060003 | H5: 0 | I5: 653391294 | J5: 6818668709 | K5: 653391294 | L5: 653347049 | M5: 653347049 | N5: 651319388
B6: A-1-0-1-1-2 | C6: SUELDOS DE VACACIONES | D6: 470284000 | E6: 0 | F6: 0 | G6: 470284000 | H6: 0 | I6: 74498763 | J6: 395785237 | K6: 74498763 | L6: 74498763 | M6: 74498763 | N6: 74498763
B7: A-1-0-1-1-4 | C7: INCAPACIDADES Y LICENCIA DE MATERNIDAD | D7: 93000000 | E7: 0 | F7: 0 | G7: 93000000 | H7: 0 | I7: 7188499 | J7: 85811501 | K7: 7188499 | L7: 7188499 | M7: 7188499 | N7: 7188499
B8: A-1-0-1-4-1 | C8: PRIMA TECNICA SALARIAL | D8: 88000000 | E8: 0 | F8: 0 | G8: 88000000 | H8: 0 | I8: 3190387 | J8: 84809613 | K8: 3190387 | L8: 3190387 | M8: 3190387 | N8: 3190387
B9: A-1-0-1-4-2 | C9: PRIMA TECNICA NO SALARIAL | D9: 491575586 | E9: 0 | F9: 0 | G9: 491575586 | H9: 0 | I9: 35989948 | J9: 455585638 | K9: 35989948 | L9: 35989948 | M9: 35989948 | N9: 35989948
B10: A-1-0-1-5-1 | C10: GASTOS DE REPRESENTACION | D10: 147000000 | E10: 0 | F10: 0 | G10: 147000000 | H10: 0 | I10: 13116313 | J10: 133883687 | K10: 13116313 | L10: 13116313 | M10: 13116313 | N10: 13116313
B11: A-1-0-1-5-2 | C11: BONIFICACION POR SERVICIOS PRESTADOS | D11: 331744293 | E11: 0 | F11: 0 | G11: 331744293 | H11: 0 | I11: 17805997 | J11: 313938296 | K11: 17805997 | L11: 17805997 | M11: 17805997 | N11: 17805997
B12: A-1-0-1-5-5 | C12: BONIFICACION ESPECIAL DE RECREACION | D12: 44207000 | E12: 0 | F12: 0 | G12: 44207000 | H12: 0 | I12: 5872149 | J12: 38334851 | K12: 5872149 | L12: 5872149 | M12: 5872149 | N12: 5872149
B13: A-1-0-1-5-12 | C13: SUBSIDIO DE ALIMENTACION | D13: 5166460 | E13: 0 | F13: 0 | G13: 5166460 | H13: 0 | I13: 429072 | J13: 4737388 | K13: 429072 | L13: 429072 | M13: 429072 | N13: 429072
B14: A-1-0-1-5-13 | C14: AUXILIO DE TRANSPORTE | D14: 1430000 | E14: 0 | F14: 0 | G14: 1430000 | H14: 0 | I14: 83140 | J14: 1346860 | K14: 83140 | L14: 83140 | M14: 83140 | N14: 83140
B15: A-1-0-1-5-14 | C15: PRIMA DE SERVICIO | D15: 688020000 | E15: 0 | F15: 0 | G15: 688020000 | H15: 0 | I15: 976882 | J15: 687043118 | K15: 976882 | L15: 976882 | M15: 976882 | N15: 976882
B16: A-1-0-1-5-15 | C16: PRIMA DE VACACIONES | D16: 394014000 | E16: 0 | F16: 0 | G16: 394014000 | H16: 0 | I16: 49105814 | J16: 344908186 | K16: 49105814 | L16: 49105814 | M16: 49105814 | N16: 49105814
... B37: A-1-0-5-9 | C37: APORTES A ESCUELAS INDUSTRIALES E INSTITUTOS TECNICOS | D37: 89080354 | E37: 0 | F37: 0 | G37: 89080354 | H37: 0 | I37: 8283500 | J37: 80796854 | K37: 8283500 | L37: 8283500 | M37: 8283500 | N37: 8283500
D38: =SUM(D5:D37) -> 16453482803 | E38: =SUM(E5:E37) -> 92000000 | F38: =SUM(F5:F37) -> 92000000 | G38: =SUM(G5:G37) -> 16453482803 | H38: =SUM(H5:H37) -> 0 | I38: =SUM(I5:I37) -> 1184943092 | J38: =SUM(J5:J37) -> 15268539711 | K38: =SUM(K5:K37) -> 1184943092 | ... N38: =SUM(N5:N37) -> 1296592373
B39: A-2-0-3-50-2 | C39: IMPUESTO DE VEHICULO | D39: 5000000 | E39: 0 | F39: 0 | G39: 5000000 | H39: 0 | I39: 392000 | J39: 4608000 | K39: 392000 | L39: 392000 | M39: 392000 | N39: 392000
B40: A-2-0-3-50-90 | C40: OTROS IMPUESTOS | D40: 45000000 | E40: 0 | F40: 0 | G40: 45000000 | H40: 0 | I40: 4199552.7 | J40: 40800447 | K40: 4199372.7 | L40: 4199372.7 | M40: 4199372.7 | N40: 4199372.7
B41: A-2-0-4-1-25 | C41: OTRAS COMPRAS DE EQUIPOS | D41: 15000000 | E41: 0 | F41: 15000000 | G41: 0 | H41: 0 | I41: 0 | J41: 0 | K41: 0 | L41: 0 | M41: 0 | N41: 0
B42: A-2-0-4-4-1 | C42: COMBUSTIBLE Y LUBRICANTES | D42: 10000000 | E42: 0 | F42: 0 | G42: 10000000 | H42: 0 | I42: 0 | J42: 10000000 | K42: 0 | L42: 0 | M42: 0 | N42: 0
B43: A-2-0-4-4-2 | C43: DOTACION | D43: 1500000 | E43: 1400440 | F43: 1500000 | G43: 1400440 | H43: 0 | I43: 0 | J43: 1400440 | K43: 0 | L43: 0 | M43: 0 | N43: 0
B44: A-2-0-4-4-6 | C44: LLANTAS Y ACCESORIOS | D44: 5000000 | E44: 0 | F44: 5000000 | G44: 0 | H44: 0 | I44: 0 | J44: 0 | K44: 0 | L44: 0 | M44: 0 | N44: 0
B45: A-2-0-4-4-15 | C45: PAPELERIA, UTILES DE ESCRITORIO Y OFICINA | D45: 10000000 | E45: 0 | F45: 9000000 | G45: 1000000 | H45: 0 | I45: 0 | J45: 1000000 | K45: 0 | L45: 0 | M45: 0 | N45: 0
B46: A-2-0-4-4-23 | C46: OTROS MATERIALES Y SUMINISTROS | D46: 20000000 | E46: 12000000 | F46: 16000000 | G46: 16000000 | H46: 0 | I46: 0 | J46: 16000000 | K46: 4855932 | L46: 0 | M46: 0 | N46: 0
B47: A-2-0-4-5-1 | C47: MANTENIMIENTO DE BIENES INMUEBLES | D47: 9747600 | E47: 10000000 | F47: 7747600 | G47: 12000000 | H47: 0 | I47: 0 | J47: 12000000 | K47: 2000000 | L47: 0 | M47: 0 | N47: 0
B48: A-2-0-4-5-2 | C48: MANTENIMIENTO DE BIENES MUEBLES, EQUIPOS Y ENSERES | D48: 16100000 | E48: 7500000 | F48: 13100000 | G48: 10500000 | H48: 0 | I48: 0 | J48: 10500000 | K48: 1263980 | L48: 0 | M48: 0 | N48: 0
B49: A-2-0-4-5-8 | C49: SERVICIO DE ASEO | D49: 185560000 | E49: 0 | F49: 0 | G49: 185560000 | H49: 0 | I49: 0 | J49: 185560000 | K49: 0 | L49: 17186644 | M49: 17186644 | N49: 17186644
B50: A-2-0-4-5-9 | C50: SERVICIO DE CAFETERIA Y RESTAURANTE | D50: 66776295 | E50: 16223705 | F50: 0 | G50: 83000000 | H50: 0 | I50: 0 | J50: 83000000 | K50: 1148500 | L50: 5012771 | M50: 5012771 | N50: 5012771
... B71: A-2-0-4-21-11 | C71: OTROS SERVICIOS PARA CAPACITACION, BIENESTAR SOCIAL Y ESTIMULOS | D71: 1400440 | E71: 12599560 | F71: 0 | G71: 14000000 | H71: 0 | I71: 0 | J71: 14000000 | K71: 0 | L71: 14000000 | M71: 14000000 | N71: 14000000
D72: =SUM(D39:D71) -> 2039285840 | E72: =SUM(E39:E71) -> 200836968 | F72: =SUM(F39:F71) -> 200836968 | G72: =SUM(G39:G71) -> 2039285840 | H72: =SUM(H39:H71) -> 0 | I72: =SUM(I39:I71) -> 30589849 | J72: =SUM(J39:J71) -> 2.008696e+09 | K72: =SUM(K39:K71) -> 45841485 | ... N72: =SUM(N39:N71) -> 1.1965e+08
B73: A-3-2-1-1 | C73: CUOTA DE AUDITAJE CONTRANAL | D73: 543261715 | E73: 0 | F73: 0 | G73: 543261715 | H73: 0 | I73: 715993.24 | J73: 5.4254572e+08 | K73: 715993.24 | L73: 0 | M73: 0 | N73: 0
B74: A-3-2-1-16 | C74: ESCUELA NACIONAL DEL DEPORTE - ART. 51 DECRETO 2845 DE 1984 | D74: 7343266662 | E74: 0 | F74: 0 | G74: 7343266662 | H74: 0 | I74: 645158714 | J74: 6698107948 | K74: 645158714 | L74: 645158714 | M74: 645158714 | N74: 645158714
B75: A-3-2-10-2 | C75: RECURSOS IMPUESTO NACIONAL AL CONSUMO TELEFONIA MOVIL - ARTICULO 72 LEY 1607 DE 2012 | D75: 27194426653 | E75: 0 | F75: 0 | G75: 27194426653 | H75: 0 | I75: 0 | J75: 27194426653 | K75: 0 | L75: 0 | M75: 0 | N75: 0
B76: A-3-5-1-1 | C76: MESADAS PENSIONALES | D76: 2000000000 | E76: 0 | F76: 0 | G76: 2000000000 | H76: 0 | I76: 39500000 | J76: 1960500000 | K76: 2639100 | L76: 26044175 | M76: 26217428 | N76: 26217428
B77: A-3-6-1-1 | C77: SENTENCIAS Y CONCILIACIONES | D77: 100000000 | E77: 0 | F77: 0 | G77: 100000000 | H77: 0 | I77: 0 | J77: 100000000 | K77: 0 | L77: 0 | M77: 0 | N77: 0
D78: =SUM(D73:D77) -> 37180955030 | E78: =SUM(E73:E77) -> 0 | F78: =SUM(F73:F77) -> 0 | G78: =SUM(G73:G77) -> 37180955030 | H78: =SUM(H73:H77) -> 0 | I78: =SUM(I73:I77) -> 6.8537471e+08 | J78: =SUM(J73:J77) -> 3.649558e+10 | K78: =SUM(K73:K77) -> 6.4851381e+08 | ... N78: =SUM(N73:N77) -> 671376142
B79: C-4301-1604-1 | C79: APOYO A LA UNIVERSALIZACION DE LA PRACTICA REGULAR DE LA ACTIVIDAD FISICA Y DE HABITOS Y ESTILOS DE VIDA SALUDABLE EN COLOMBIA | D79: 7000000000 | E79: 0 | F79: 0 | G79: 7000000000 | H79: 0 | I79: 115966716 | J79: 6884033284 | K79: 344923348 | L79: 1768300017 | M79: 878865017 | N79: 878865017
B80: C-4301-1604-2 | C80: APOYO A LA INVESTIGACIÓN Y GESTIÓN DEL DEPORTE, LA RECREACIÓN, LA ACTIVIDAD FÍSICA Y APROVECHAMIENTO DEL TIEMPO LIBRE EN COLOMBIA | D80: 300000000 | E80: 0 | F80: 0 | G80: 300000000 | H80: 0 | I80: -19819358 | J80: 319819358 | K80: 50266674 | L80: 7750000 | M80: 7750000 | N80: 7750000
B81: C-4301-1604-3 | C81: APOYO AL DESARROLLO DEL PROGRAMA DE CONVIVENCIA Y PAZ EN COLOMBIA | D81: 2000000000 | E81: 0 | F81: 0 | G81: 2000000000 | H81: 0 | I81: 30677160 | J81: 1969322840 | K81: 5677160 | L81: 4405239 | M81: 4405239 | N81: 4405239
B82: C-4301-1604-4 | C82: APOYO Y FOMENTO PARA EL DESARROLLO DEL DEPORTE SOCIAL COMUNITARIO EN COLOMBIA | D82: 4000000000 | E82: 0 | F82: 0 | G82: 4000000000 | H82: 0 | I82: 67606847 | J82: 3932393153 | K82: 6106847 | L82: 424579935 | M82: 424388298 | N82: 424388298
B83: C-4301-1604-5 | C83: APOYO Y FOMENTO PARA EL DESARROLLO DE LA RECREACIÓN EN COLOMBIA | D83: 8000000000 | E83: 0 | F83: 0 | G83: 8000000000 | H83: 0 | I83: 564524490 | J83: 7435475510 | K83: 3381239090 | L83: 533811297 | M83: 54640415 | N83: 54640415
B84: C-4301-1604-6 | C84: APOYO Y FOMENTO AL DESARROLLO DE LA EDUCACIÓN FÍSICA EXTRAESCOLAR Y EL DEPORTE FORMATIVO DE LA INFANCIA, ADOLESCENCIA Y JUVENTUD EN COLOMBIA | D84: 49000000000 | E84: 0 | F84: 0 | G84: 49000000000 | H84: 0 | I84: 3507053195 | J84: 45492946805 | K84: 2355453770 | L84: 8.5124738e+09 | M84: 8.5364793e+09 | N84: 8.5364793e+09
B85: C-4301-1604-7 | C85: APOYO AL PROGRAMA QUE ORIENTEN UN DESARROLLO NEUROMOTRIZ, FORMACIÓN TÉCNICA Y FÍSICA EN LA EDUCACIÓN FÍSICA EXTRAESCOLAR NACIONAL | D85: 3000000000 | E85: 0 | F85: 0 | G85: 3000000000 | H85: 0 | I85: 30395063 | J85: 2969604937 | K85: 3395063 | L85: 3259888 | M85: 3259888 | N85: 3259888
B86: C-4302-1604-1 | C86: APOYO AL DESARROLLO DEL SISTEMA PARALIMPICO PARA EL POSICIONAMIENTO Y LIDERAZGO DEPORTIVO EN COLOMBIA | D86: 7900000000 | E86: 0 | F86: 0 | G86: 7900000000 | H86: 0 | I86: 526873355 | J86: 7373126645 | K86: 1177768238 | L86: 1437725524 | M86: 1454210732 | N86: 1454210732
B87: C-4302-1604-2 | C87: APOYO PARA EL DESARROLLO DEL DEPORTE DEL SISTEMA OLIMPICO Y CONVENCIONAL PARA EL POSICIONAMIENTO Y LIDERAZGO DEPORTIVO EN COLOMBIA | D87: 36500000000 | E87: 0 | F87: 0 | G87: 36500000000 | H87: 0 | I87: 1174197890 | J87: 35325802110 | K87: 3610030900 | L87: 2753808247 | M87: 2728472490 | N87: 2728472490
B88: C-4302-1604-2 | C88: APOYO PARA EL DESARROLLO DEL DEPORTE DEL SISTEMA OLIMPICO Y CONVENCIONAL PARA EL POSICIONAMIENTO Y LIDERAZGO DEPORTIVO EN COLOMBIA | D88: 36500000000 | E88: 0 | F88: 0 | G88: 36500000000 | H88: 0 | I88: 442882222 | J88: 36057117778 | K88: 7228176055 | L88: 2343149710 | M88: 2231165710 | N88: 2231165710
B89: C-4302-1604-3 | C89: APOYO A LA ORGANIZACIÓN Y REALIZACION DE LOS JUEGOS DEPORTIVOS NACIONALES Y PARANACIONALES EN COLOMBIA | D89: 100000000 | E89: 0 | F89: 0 | G89: 100000000 | H89: 0 | I89: 39786048 | J89: 60213952 | K89: 786048 | L89: 1441343 | M89: 2163455 | N89: 2163455
B90: C-4302-1604-4 | C90: APOYO A LA ORGANIZACIÓN, PARTICIPACIÓN Y REALIZACIÓN DE EVENTOS INTERNACIONALES EN COLOMBIA | D90: 6000000000 | E90: 0 | F90: 0 | G90: 6000000000 | H90: 0 | I90: 91288466 | J90: 5908711534 | K90: 4261288466 | L90: 108627370 | M90: 151501995 | N90: 151501995
... B109: C-4399-1604-6 | C109: ASISTENCIA Y MEJORAMIENTO AL PROCESO DE PLANEACIÓN INSTITUCIONAL DEL SISTEMA NACIONAL DEL DEPORTE EN COLOMBIA | D109: 260000000 | E109: 0 | F109: 0 | G109: 260000000 | H109: 0 | I109: 20424517 | J109: 239575483 | K109: 424517 | L109: 17058108 | M109: 17058108 | N109: 17058108
D110: =SUM(D79:D109) -> 343170094127 | E110: =SUM(E79:E109) -> 0 | F110: =SUM(F79:F109) -> 0 | G110: =SUM(G79:G109) -> 343170094127 | H110: =SUM(H79:H109) -> 0 | I110: =SUM(I79:I109) -> 9.2584918e+09 | J110: =SUM(J79:J109) -> 3.339116e+11 | K110: =SUM(K79:K109) -> 41618054016 | ... N110: =SUM(N79:N109) -> 1.8124282e+10

Sheet JUNIO
B1: 2017
B2: Actual
B3: Junio
B4: RUBRO | C4: DESCRIPCION | D4: APR. INICIAL | E4: APR. ADICIONADA | F4: APR. REDUCIDA | G4: APR. VIGENTE | H4: APR BLOQUEADA | I4: CDP | J4: APR. DISPONIBLE | K4: COMPROMISO | L4: OBLIGACION | M4: ORDEN PAGO | N4: PAGOS
B5: A-1-0-1-1-1 | C5: SUELDOS | D5: 7472060003 | E5: 0 | F5: 0 | G5: 7472060003 | H5: 0 | I5: 668015754 | J5: 6804044249 | K5: 668015754 | L5: 668015754 | M5: 668015754 | N5: 670043415
B6: A-1-0-1-1-2 | C6: SUELDOS DE VACACIONES | D6: 470284000 | E6: 0 | F6: 0 | G6: 470284000 | H6: 0 | I6: 42715615 | J6: 427568385 | K6: 42715615 | L6: 42715615 | M6: 42715615 | N6: 42715615
B7: A-1-0-1-1-4 | C7: INCAPACIDADES Y LICENCIA DE MATERNIDAD | D7: 93000000 | E7: 0 | F7: 0 | G7: 93000000 | H7: 0 | I7: 5395461 | J7: 87604539 | K7: 5395461 | L7: 1292335 | M7: 1292335 | N7: 1292335
B8: A-1-0-1-4-1 | C8: PRIMA TECNICA SALARIAL | D8: 88000000 | E8: 0 | F8: 0 | G8: 88000000 | H8: 0 | I8: 3405739 | J8: 84594261 | K8: 3405739 | L8: 3405739 | M8: 3405739 | N8: 3405739
B9: A-1-0-1-4-2 | C9: PRIMA TECNICA NO SALARIAL | D9: 491575586 | E9: 0 | F9: 0 | G9: 491575586 | H9: 0 | I9: 38489743 | J9: 453085843 | K9: 38489743 | L9: 38489743 | M9: 38489743 | N9: 38489743
B10: A-1-0-1-5-1 | C10: GASTOS DE REPRESENTACION | D10: 147000000 | E10: 0 | F10: 0 | G10: 147000000 | H10: 0 | I10: 14001663 | J10: 132998337 | K10: 14001663 | L10: 14001663 | M10: 14001663 | N10: 14001663
B11: A-1-0-1-5-2 | C11: BONIFICACION POR SERVICIOS PRESTADOS | D11: 331744293 | E11: 0 | F11: 0 | G11: 331744293 | H11: 0 | I11: 56759695 | J11: 274984598 | K11: 56759695 | L11: 56759695 | M11: 56759695 | N11: 56759695
B12: A-1-0-1-5-5 | C12: BONIFICACION ESPECIAL DE RECREACION | D12: 44207000 | E12: 0 | F12: 0 | G12: 44207000 | H12: 0 | I12: 3924414 | J12: 40282586 | K12: 3924414 | L12: 3924414 | M12: 3924414 | N12: 3924414
B13: A-1-0-1-5-12 | C13: SUBSIDIO DE ALIMENTACION | D13: 5166460 | E13: 0 | F13: 0 | G13: 5166460 | H13: 0 | I13: 458040 | J13: 4708420 | K13: 458040 | L13: 458040 | M13: 458040 | N13: 458040
B14: A-1-0-1-5-13 | C14: AUXILIO DE TRANSPORTE | D14: 1430000 | E14: 0 | F14: 0 | G14: 1430000 | H14: 0 | I14: 83140 | J14: 1346860 | K14: 83140 | L14: 83140 | M14: 83140 | N14: 83140
B15: A-1-0-1-5-14 | C15: PRIMA DE SERVICIO | D15: 688020000 | E15: 0 | F15: 0 | G15: 688020000 | H15: 0 | I15: 369679893 | J15: 318340107 | K15: 369679893 | L15: 369679893 | M15: 369679893 | N15: 369679893
B16: A-1-0-1-5-15 | C16: PRIMA DE VACACIONES | D16: 394014000 | E16: 0 | F16: 0 | G16: 394014000 | H16: 0 | I16: 32466486 | J16: 361547514 | K16: 32466486 | L16: 32466486 | M16: 32466486 | N16: 32466486
... B37: A-1-0-5-9 | C37: APORTES A ESCUELAS INDUSTRIALES E INSTITUTOS TECNICOS | D37: 89080354 | E37: 0 | F37: 0 | G37: 89080354 | H37: 0 | I37: 12048900 | J37: 77031454 | K37: 12048900 | L37: 12048900 | M37: 12048900 | N37: 12048900
D38: =SUM(D5:D37) -> 16453482803 | E38: =SUM(E5:E37) -> 102936739 | F38: =SUM(F5:F37) -> 102936739 | G38: =SUM(G5:G37) -> 16453482803 | H38: =SUM(H5:H37) -> 0 | I38: =SUM(I5:I37) -> 1818952990 | J38: =SUM(J5:J37) -> 14634529813 | K38: =SUM(K5:K37) -> 1818952995 | ... N38: =SUM(N5:N37) -> 1858515188
B39: A-2-0-3-50-2 | C39: IMPUESTO DE VEHICULO | D39: 5000000 | E39: 0 | F39: 0 | G39: 5000000 | H39: 0 | I39: 0 | J39: 5000000 | K39: 0 | L39: 0 | M39: 0 | N39: 0
B40: A-2-0-3-50-90 | C40: OTROS IMPUESTOS | D40: 45000000 | E40: 0 | F40: 0 | G40: 45000000 | H40: 0 | I40: -180 | J40: 45000180 | K40: 0 | L40: 0 | M40: 0 | N40: 0
B41: A-2-0-4-1-25 | C41: OTRAS COMPRAS DE EQUIPOS | D41: 15000000 | E41: 0 | F41: 15000000 | G41: 0 | H41: 0 | I41: 0 | J41: 0 | K41: 0 | L41: 0 | M41: 0 | N41: 0
B42: A-2-0-4-4-1 | C42: COMBUSTIBLE Y LUBRICANTES | D42: 10000000 | E42: 0 | F42: 0 | G42: 10000000 | H42: 0 | I42: 0 | J42: 10000000 | K42: 0 | L42: 0 | M42: 0 | N42: 0
B43: A-2-0-4-4-2 | C43: DOTACION | D43: 1500000 | E43: 1400440 | F43: 1500000 | G43: 1400440 | H43: 0 | I43: 0 | J43: 1400440 | K43: 366710.4 | L43: 0 | M43: 0 | N43: 0
B44: A-2-0-4-4-6 | C44: LLANTAS Y ACCESORIOS | D44: 5000000 | E44: 0 | F44: 5000000 | G44: 0 | H44: 0 | I44: 0 | J44: 0 | K44: 0 | L44: 0 | M44: 0 | N44: 0
B45: A-2-0-4-4-15 | C45: PAPELERIA, UTILES DE ESCRITORIO Y OFICINA | D45: 10000000 | E45: 0 | F45: 9000000 | G45: 1000000 | H45: 0 | I45: 0 | J45: 1000000 | K45: 0 | L45: 0 | M45: 0 | N45: 0
B46: A-2-0-4-4-23 | C46: OTROS MATERIALES Y SUMINISTROS | D46: 20000000 | E46: 12000000 | F46: 16000000 | G46: 16000000 | H46: 0 | I46: 0 | J46: 16000000 | K46: 0 | L46: 4855932 | M46: 4855932 | N46: 4855932
B47: A-2-0-4-5-1 | C47: MANTENIMIENTO DE BIENES INMUEBLES | D47: 9747600 | E47: 10000000 | F47: 7747600 | G47: 12000000 | H47: 0 | I47: 0 | J47: 12000000 | K47: 0 | L47: 2000000 | M47: 2000000 | N47: 2000000
B48: A-2-0-4-5-2 | C48: MANTENIMIENTO DE BIENES MUEBLES, EQUIPOS Y ENSERES | D48: 16100000 | E48: 7500000 | F48: 13100000 | G48: 10500000 | H48: 0 | I48: 0 | J48: 10500000 | K48: 0 | L48: 1263980 | M48: 1263980 | N48: 1263980
B49: A-2-0-4-5-8 | C49: SERVICIO DE ASEO | D49: 185560000 | E49: 0 | F49: 0 | G49: 185560000 | H49: 0 | I49: 560000 | J49: 185000000 | K49: 0 | L49: 17808396 | M49: 0 | N49: 0
B50: A-2-0-4-5-9 | C50: SERVICIO DE CAFETERIA Y RESTAURANTE | D50: 66776295 | E50: 16223705 | F50: 0 | G50: 83000000 | H50: 0 | I50: 12214418 | J50: 70785582 | K50: 12214418 | L50: 6342615.6 | M50: 1148500 | N50: 1148500
... B71: A-2-0-4-21-11 | C71: OTROS SERVICIOS PARA CAPACITACION, BIENESTAR SOCIAL Y ESTIMULOS | D71: 1400440 | E71: 12599560 | F71: 0 | G71: 14000000 | H71: 0 | I71: 0 | J71: 14000000 | K71: 0 | L71: 0 | M71: 0 | N71: 0
D72: =SUM(D39:D71) -> 2039285840 | E72: =SUM(E39:E71) -> 201011968 | F72: =SUM(F39:F71) -> 201011968 | G72: =SUM(G39:G71) -> 2039285840 | H72: =SUM(H39:H71) -> 0 | I72: =SUM(I39:I71) -> 37839688 | J72: =SUM(J39:J71) -> 2001446152 | K72: =SUM(K39:K71) -> 37646578 | ... N72: =SUM(N39:N71) -> 90173391
B73: A-3-2-1-1 | C73: CUOTA DE AUDITAJE CONTRANAL | D73: 543261715 | E73: 0 | F73: 0 | G73: 543261715 | H73: 0 | I73: 0 | J73: 543261715 | K73: 0 | L73: 715993.24 | M73: 715993.24 | N73: 715993.24
B74: A-3-2-1-16 | C74: ESCUELA NACIONAL DEL DEPORTE - ART. 51 DECRETO 2845 DE 1984 | D74: 7343266662 | E74: 0 | F74: 0 | G74: 7343266662 | H74: 0 | I74: 627528651 | J74: 6715738011 | K74: 627528651 | L74: 627528651 | M74: 627528651 | N74: 627528651
B75: A-3-2-10-2 | C75: RECURSOS IMPUESTO NACIONAL AL CONSUMO TELEFONIA MOVIL - ARTICULO 72 LEY 1607 DE 2012 | D75: 27194426653 | E75: 0 | F75: 0 | G75: 27194426653 | H75: 0 | I75: 0 | J75: 27194426653 | K75: 0 | L75: 0 | M75: 0 | N75: 0
B76: A-3-5-1-1 | C76: MESADAS PENSIONALES | D76: 2000000000 | E76: 0 | F76: 0 | G76: 2000000000 | H76: 0 | I76: -10900 | J76: 2000010900 | K76: 0 | L76: 46811743 | M76: 46811743 | N76: 46811743
B77: A-3-6-1-1 | C77: SENTENCIAS Y CONCILIACIONES | D77: 100000000 | E77: 0 | F77: 0 | G77: 100000000 | H77: 0 | I77: 0 | J77: 100000000 | K77: 0 | L77: 0 | M77: 0 | N77: 0
D78: =SUM(D73:D77) -> 37180955030 | E78: =SUM(E73:E77) -> 0 | F78: =SUM(F73:F77) -> 0 | G78: =SUM(G73:G77) -> 37180955030 | H78: =SUM(H73:H77) -> 0 | I78: =SUM(I73:I77) -> 627517751 | J78: =SUM(J73:J77) -> 36553437279 | K78: =SUM(K73:K77) -> 627528651 | ... N78: =SUM(N73:N77) -> 6.7505639e+08
B79: C-4301-1604-1 | C79: APOYO A LA UNIVERSALIZACION DE LA PRACTICA REGULAR DE LA ACTIVIDAD FISICA Y DE HABITOS Y ESTILOS DE VIDA SALUDABLE EN COLOMBIA | D79: 7000000000 | E79: 0 | F79: 0 | G79: 7000000000 | H79: 0 | I79: 16392688 | J79: 6983607312 | K79: 40392688 | L79: 148718646 | M79: 1142349703 | N79: 1142349703
B80: C-4301-1604-2 | C80: APOYO A LA INVESTIGACIÓN Y GESTIÓN DEL DEPORTE, LA RECREACIÓN, LA ACTIVIDAD FÍSICA Y APROVECHAMIENTO DEL TIEMPO LIBRE EN COLOMBIA | D80: 300000000 | E80: 0 | F80: 0 | G80: 300000000 | H80: 0 | I80: -845392 | J80: 300845392 | K80: 44654615 | L80: 12416667 | M80: 8300000 | N80: 8300000
B81: C-4301-1604-3 | C81: APOYO AL DESARROLLO DEL PROGRAMA DE CONVIVENCIA Y PAZ EN COLOMBIA | D81: 2000000000 | E81: 0 | F81: 0 | G81: 2000000000 | H81: 0 | I81: 4601030 | J81: 1995398970 | K81: 4601030 | L81: 4078735 | M81: 1742619 | N81: 1742619
B82: C-4301-1604-4 | C82: APOYO Y FOMENTO PARA EL DESARROLLO DEL DEPORTE SOCIAL COMUNITARIO EN COLOMBIA | D82: 4000000000 | E82: 0 | F82: 0 | G82: 4000000000 | H82: 0 | I82: -353487 | J82: 4000353487 | K82: -353487 | L82: 53122412 | M82: 49778114 | N82: 45278114
B83: C-4301-1604-5 | C83: APOYO Y FOMENTO PARA EL DESARROLLO DE LA RECREACIÓN EN COLOMBIA | D83: 8000000000 | E83: 0 | F83: 0 | G83: 8000000000 | H83: 0 | I83: 7958136 | J83: 7992041864 | K83: 772106918 | L83: 1734239466 | M83: 1156608167 | N83: 1156608167
B84: C-4301-1604-6 | C84: APOYO Y FOMENTO AL DESARROLLO DE LA EDUCACIÓN FÍSICA EXTRAESCOLAR Y EL DEPORTE FORMATIVO DE LA INFANCIA, ADOLESCENCIA Y JUVENTUD EN COLOMBIA | D84: 49000000000 | E84: 0 | F84: 0 | G84: 49000000000 | H84: 0 | I84: 1557804244 | J84: 47442195756 | K84: 2252025200 | L84: 11199477561 | M84: 2890893928 | N84: 2637422219
B85: C-4301-1604-7 | C85: APOYO AL PROGRAMA QUE ORIENTEN UN DESARROLLO NEUROMOTRIZ, FORMACIÓN TÉCNICA Y FÍSICA EN LA EDUCACIÓN FÍSICA EXTRAESCOLAR NACIONAL | D85: 3000000000 | E85: 0 | F85: 0 | G85: 3000000000 | H85: 0 | I85: 2676077 | J85: 2997323923 | K85: 2676077 | L85: 2819190 | M85: 1767619 | N85: 1767619
B86: C-4302-1604-1 | C86: APOYO AL DESARROLLO DEL SISTEMA PARALIMPICO PARA EL POSICIONAMIENTO Y LIDERAZGO DEPORTIVO EN COLOMBIA | D86: 7900000000 | E86: 0 | F86: 0 | G86: 7900000000 | H86: 0 | I86: 232968083 | J86: 7667031917 | K86: 105252255 | L86: 391837759 | M86: 340629536 | N86: 340629536
B87: C-4302-1604-2 | C87: APOYO PARA EL DESARROLLO DEL DEPORTE DEL SISTEMA OLIMPICO Y CONVENCIONAL PARA EL POSICIONAMIENTO Y LIDERAZGO DEPORTIVO EN COLOMBIA | D87: 36500000000 | E87: 0 | F87: 0 | G87: 36500000000 | H87: 0 | I87: 923591352 | J87: 35576408648 | K87: 1074219939 | L87: 2206025338 | M87: 1809008666 | N87: 1802638666
B88: C-4302-1604-2 | C88: APOYO PARA EL DESARROLLO DEL DEPORTE DEL SISTEMA OLIMPICO Y CONVENCIONAL PARA EL POSICIONAMIENTO Y LIDERAZGO DEPORTIVO EN COLOMBIA | D88: 36500000000 | E88: 0 | F88: 0 | G88: 36500000000 | H88: 0 | I88: -253938546 | J88: 36753938546 | K88: 87524846 | L88: 2437929664 | M88: 877925582 | N88: 874361416
B89: C-4302-1604-3 | C89: APOYO A LA ORGANIZACIÓN Y REALIZACION DE LOS JUEGOS DEPORTIVOS NACIONALES Y PARANACIONALES EN COLOMBIA | D89: 100000000 | E89: 0 | F89: 0 | G89: 100000000 | H89: 0 | I89: 24348096 | J89: 75651904 | K89: 1548096 | L89: 452471 | M89: -4000 | N89: -4000
B90: C-4302-1604-4 | C90: APOYO A LA ORGANIZACIÓN, PARTICIPACIÓN Y REALIZACIÓN DE EVENTOS INTERNACIONALES EN COLOMBIA | D90: 6000000000 | E90: 0 | F90: 0 | G90: 6000000000 | H90: 0 | I90: 250705921 | J90: 5749294079 | K90: 58705921 | L90: 176503272 | M90: 149248882 | N90: 149248882
... B109: C-4399-1604-6 | C109: ASISTENCIA Y MEJORAMIENTO AL PROCESO DE PLANEACIÓN INSTITUCIONAL DEL SISTEMA NACIONAL DEL DEPORTE EN COLOMBIA | D109: 260000000 | E109: 0 | F109: 0 | G109: 260000000 | H109: 0 | I109: -26655366 | J109: 286655366 | K109: -26655366 | L109: 27408304 | M109: 14931471 | N109: 14931471
D110: =SUM(D79:D109) -> 343170094127 | E110: 15491413194 | F110: 0 | G110: 414350230994 | H110: 0 | I110: 9.9301822e+09 | J110: 4.0442005e+11 | K110: 1.0836028e+10 | L110: 3.5871977e+10 | M110: 2.5325227e+10 | N110: 2.5325227e+10
